 Dungeon Crawl Stone Soup version 0.24-a0-536-gdd4cf15266 (webtiles) character file.

Game seed: 897188029206213013

1668616 hemabe the Imperceptible (level 27, 218/230 HPs)
             Began as a Human Artificer on Aug 9, 2019.
             Was a High Priest of Trog.
             Escaped with the Orb
             ... and 4 runes on Aug 12, 2019!
             The game lasted 07:16:53 (147148 turns).

hemabe the Imperceptible (Human Artificer)        Turns: 147148, Time: 07:16:54

Health: 218/230    AC: 28    Str: 26    XL:     27
Magic:  37/37      EV: 26    Int: 13    God:    Trog [*****.]
Gold:   9370       SH: 28    Dex: 21    Spells: 26/26 levels left

rFire    + . .     SeeInvis +   c - +9 eveningstar (freeze)
rCold    + + .     Gourm    .   l - +0 large shield "Qiehadem" {Int+2 Slay+4}
rNeg     + + +     Faith    .   p - +7 chain mail of Least Resistance {rF- Regen+ Str+8 Dex-2}
rPois    +         Spirit   .   q - -2 hat of the Alchemist {rElec rPois rF+ rC+ rN+ MR+ rMut rCorr}
rElec    +         Reflect  +   M - +2 cloak of the Thief {+Fog Slay-2 SInv Stlth+}
rCorr    +         Harm     .   r - +0 pair of fencer's gloves {Riposte Dex+3}
rMut     +                      s - +2 pair of boots {Stlth+}
MR       +++++                  S - +6 amulet of reflection
Stlth    +++.......             d - ring "Ulys" {rC+ rN+ MR+ rCorr SInv}
HPRegen  0.88/turn              e - ring of Dirpheav {+Fly rN+ EV+3 Stlth+}
MPRegen  0.25/turn

@: studying Maces & Flails
A: fangs 1, agile 1, dopey 1, fire resistance 1, magic resistance 1, weak 1
0: Orb of Zot
}: 4/15 runes: decaying, slimy, silver, gossamer
a: Berserk, Trog's Hand, Brothers in Arms, Renounce Religion, Evoke Fog, Evoke
Flight


You escaped.
You worshipped Trog.
Trog was extremely pleased with you.
You were very hungry.

You visited 12 branches of the dungeon, and saw 56 of its levels.
You visited the Abyss 1 time.
You also visited: Bailey, Gauntlet, Ice Cave and Wizlab.

You collected 11561 gold pieces.
You spent 2191 gold pieces at shops.

Inventory:

Hand Weapons
 c - a +9 eveningstar of freezing (weapon)
   (You acquired it on level 2 of the Vaults)
 H - a +3 sacred scourge of holy wrath
   (You took it off Mennas on level 4 of the Depths)
Missiles
 G - 6 datura-tipped darts
Armour
 l - the +0 large shield "Qiehadem" (worn) {Int+2 Slay+4}
   (You took it off Louise on level 2 of the Spider Nest)

   It affects your intelligence (+2).
   It affects your accuracy and damage with ranged weapons and melee attacks
   (+4).
 p - the +7 chain mail of Least Resistance (worn) {rF- Regen+ Str+8 Dex-2}
   (You found it on level 4 of the Abyss)

   It affects your strength (+8).
   It affects your dexterity (-2).
   It makes you vulnerable to fire.
   It increases your rate of regeneration.
 q - the -2 hat of the Alchemist (worn) {rElec rPois rF+ rC+ rN+ MR+ rMut rCorr}
   (You found it in a wizard's laboratory)

   It protects you from fire.
   It protects you from cold.
   It insulates you from electricity.
   It protects you from poison.
   It protects you from negative energy.
   It affects your resistance to hostile enchantments.
   It provides partial protection from all sources of acid and corrosion.
   It protects you from mutation.
 r - the +0 pair of fencer's gloves (worn) {Riposte Dex+3}
   (You found it in an ice cave)

   It affects your dexterity (+3).
 s - a +2 pair of boots of stealth (worn)
   (You found it on level 5 of the Vaults)
 F - the +0 pair of gloves of the Shining Light {+Blink Regen+}
   (You found it on level 13 of the Dungeon)

   It lets you blink.
   It increases your rate of regeneration.
 M - the +2 cloak of the Thief (worn) {+Fog Slay-2 SInv Stlth+}
   (You found it on level 4 of the Depths)

   It affects your accuracy and damage with ranged weapons and melee attacks
   (-2).
   It lets you see invisible.
   It makes you more stealthy.
 P - the +10 plate armour of Leaves {rElec}
   (You found it on level 1 of the Spider Nest)

   It insulates you from electricity.
 X - +7 fire dragon scales
   (You found it on level 2 of the Depths)
Jewellery
 d - the ring "Ulys" (left hand) {rC+ rN+ MR+ rCorr SInv}
   (You found it in a Gauntlet)

   [ring of resist corrosion]

   It protects you from cold.
   It protects you from negative energy.
   It affects your resistance to hostile enchantments.
   It lets you see invisible.
   It provides partial protection from all sources of acid and corrosion.
 e - the ring of Dirpheav (right hand) {+Fly rN+ EV+3 Stlth+}
   (You took it off a deep elf death mage on level 3 of the Elven Halls)

   [ring of evasion]

   It affects your evasion (+3).
   It protects you from negative energy.
   It lets you fly.
   It makes you more stealthy.
 v - an uncursed ring of teleportation {+/*tele, !d}
   (You found it on level 3 of the Elven Halls)
 y - an uncursed amulet of the gourmand {Gourm, !d}
   (You bought it in a shop on level 2 of the Elven Halls)
 S - a +6 amulet of reflection (around neck)
   (You found it on level 8 of the Dungeon)
Wands
 o - a wand of clouds (3)
   (You found it in an ice cave)
 z - a wand of digging (10)
   (You bought it in a shop on level 7 of the Dungeon)
 E - a wand of random effects (7)
   (You found it on level 1 of the Crypt)
 K - a wand of disintegration (13)
   (You found it on level 5 of the Pits of Slime)
 O - a wand of iceblast (39)
   (You took it off a wight on level 8 of the Dungeon)
 W - a wand of paralysis (33)
   (You found it on level 4 of the Swamp)
 Y - a wand of scattershot (2)
   (You found it on level 6 of the Lair of Beasts)
Scrolls
 a - 3 scrolls of torment {!r}
 j - 11 scrolls of immolation {!r}
 k - 20 scrolls of remove curse
 u - 3 scrolls of magic mapping {!r}
 x - 3 scrolls of holy word {!r}
 B - 4 scrolls of summoning
 C - 6 scrolls of teleportation
 R - 4 scrolls of identify
 T - 3 scrolls of fear
 V - 4 scrolls of silence
Potions
 b - 13 potions of agility
 g - 6 potions of flight
 h - 5 potions of invisibility
 i - 4 potions of might
 m - 6 potions of haste
 n - 5 potions of curing
 t - 4 potions of resistance
 D - a potion of ambrosia
 I - a potion of heal wounds
 N - a potion of brilliance
 U - a potion of berserk rage {!q}
Books
 Q - a manual of Maces & Flails {!d}
   (You found it on level 5 of the Pits of Slime)
Miscellaneous
 w - 4 phantom mirrors
 A - a phial of floods
   (You found it in an ice cave)
 J - 3 boxes of beasts
 L - a lamp of fire
   (You found it in a Gauntlet)
 Z - 4 sacks of spiders
Comestibles
 f - 3 rations


   Skills:
 + Level 21.7 Fighting
   Level 3.1 Short Blades
 - Level 20.0 Maces & Flails
 + Level 15.8 Throwing
 + Level 16.5 Armour
 + Level 20.7 Dodging
 + Level 22.1 Stealth
 + Level 16.6 Shields
 + Level 20.8 Evocations


You had 26 spell levels left.
You didn't know any spells.
Your spell library was empty.

Dungeon Overview and Level Annotations

Branches:
Dungeon (15/15)            Temple (1/1) D:6            Lair (6/6) D:10
  Swamp (4/4) Lair:3       Spider (4/4) Lair:4        Slime (5/5) Lair:5
    Orc (2/2) D:12            Elf (3/3) Orc:2        Vaults (5/5) D:14
  Crypt (1/3) Vaults:3     Depths (5/5) D:15            Zot (5/5) Depths:5

Altars:
Ashenzari
Cheibriados
Dithmenos
Elyvilon
Fedhas
Gozag
Hepliaklqana
Kikubaaqudgha
Makhleb
Nemelex Xobeh
Okawaru
Qazlal
Ru
Sif Muna
Trog
Uskayaw
Vehumet
Wu Jian
Xom
Yredelemnul
Zin
The Shining One
Beogh

Shops:
D:5 (   D:7 }*}}   D:15 =   Orc:2 (*[   Elf:2 =   Vaults:1 !   Vaults:2 (
Vaults:3 (   Depths:3 =

Portals:
Hell: Depths:1 Depths:2 Depths:3 Depths:4 Depths:5
Abyss: Depths:1 Depths:4
Pandemonium: Depths:3
Ziggurat: Depths:3


Innate Abilities, Weirdness & Mutations

You have very sharp teeth.
You are agile. (Dex +2)
You are dopey. (Int -2)
Your flesh is heat resistant. (rF+)
You are resistant to hostile enchantments. (MR+)
You are weak. (Str -2)


Message History

Unknown command.
Here: an Executioner (fast)
The floor.
The Executioner misses you.
You riposte.
You thump the Executioner! You freeze the Executioner.
You block the Executioner's attack. x2
The Executioner hits you.
The Executioner completely misses you. x2
You take 6 damage, and have 224/230 hp.
A red film seems to cover your vision as you go berserk!
You feel yourself moving faster!
You feel mighty!
You are feeling very hungry.
You block the Executioner's attack. x2
The Executioner hits you but does no damage.
The Executioner barely misses you. You block the Executioner's attack. x2
The Executioner completely misses you. The Executioner hits you. x2
A Hell Sentinel and a pandemonium lord come into view.
You now have 333/345 hp.
You impale the Executioner!! You freeze the Executioner.
The Executioner gestures at you. You resist with almost no effort.
You block the Executioner's attack. x2
The Executioner misses you.
You sock the Executioner! You freeze the Executioner.
The Executioner hits you but does no damage.
You block the Executioner's attack.
The Executioner hits you but does no damage.
You block the Executioner's attack. The Executioner completely misses you.
The Executioner misses you.
Your shield prevents you from hitting the Executioner.
You bite the Executioner.
The Executioner hits you but does no damage.
You block the Executioner's attack.
The Executioner hits you but does no damage.
You bludgeon the Executioner!! You freeze the Executioner.
You kill the Executioner!
Trog accepts your kill.
You feel a strong urge to attack something.
There is a stone staircase leading up, spattered with blood here.
You see here 13 stones.
You feel your anger nearly subside.
You are no longer berserk.
You are exhausted.
You feel yourself slow down.
You climb upwards.
There is a stone staircase leading down, spattered with blood here.
You now have 227/230 hp.
You regained 2 hp, and now have 229/230 hp.
There is a stone staircase leading up here.
Health restored: 230 You climb upwards.
There is a stone staircase leading down here.
An Executioner comes into view.
The Executioner moves out of view.
The Executioner gestures.
The Executioner seems to speed up.
This square is covered in magical glow.
The rock shatters into small pieces.
The Executioner hits you! The Executioner closely misses you.
The Executioner completely misses you.
You block the Executioner's attack. x2; The Executioner closely misses you.
You block the Executioner's attack.
The Executioner hits you but does no damage.
The Executioner closely misses you. You block the Executioner's attack.
The Executioner completely misses you.
The Executioner hits you but does no damage.
You take 10 damage, and have 220/230 hp.
You block the Executioner's attack. x3; The Executioner hits you.
The Executioner hits you but does no damage. x2
The Executioner hits you. The Executioner closely misses you.
You block the Executioner's attack. The Executioner hits you!
The Executioner completely misses you.
The Executioner hits you but does no damage.
You take 17 damage, and have 203/230 hp.
You block the Executioner's attack. x3; The Executioner barely misses you.
You riposte.
You skewer the Executioner like a kebab!!!
You freeze the Executioner.
You bite the Executioner, but do no damage.
You block the Executioner's attack. The Executioner misses you.
The Executioner hits you. You block the Executioner's attack. x2
You block the Executioner's attack. x3; The Executioner hits you.
The Executioner hits you but does no damage.
You block the Executioner's attack. The Executioner closely misses you.
The Executioner misses you. The Executioner closely misses you.
The Executioner hits you but does no damage. x2
You block the Executioner's attack.
You take 3 damage, and have 200/230 hp.
The Executioner completely misses you.
You riposte.
You beat the Executioner like a drum!!!
You kill the Executioner!
Trog accepts your kill.
You regained 2 hp, and now have 202/230 hp.
You feel yourself speed up.
There is a stone staircase leading up here.
You regained 2 hp, and now have 206/230 hp.
You climb upwards.
There is a stone staircase leading down here.
You regained 2 hp, and now have 208/230 hp.
You recover from your berserk rage.
A rock wall.
This square is covered in magical glow.
The rock shatters into small pieces.
There is a staircase leading out of the dungeon here.
You have escaped!

..### #....###.'....# ..#
####...###....##### ..#
#.....#'####...# ..##
###.......####.# #.)######
###'##....)#...## ##......#
#.#..##.#....#.[#
#######.#####.#..#.##'#.###.#
# #...##..#...#...#####.#
###)##.##.@##...# #..#
#####....##.##########.##
#####.>....................#
......##.##...######.#######
######...####.######.##
####.### #.........###
###....# #########...##
.......# #########....#
###...## #.......####.#


There were no monsters in sight!

Vanquished Creatures
  the Royal Jelly (Slime:5)
  A pandemonium lord (D:14)
  6 orbs of fire
  2 ancient liches
  A shard shrike (Zot:5)
  11 Killer Klowns
  Margery (Vaults:5)
  2 curse toes
  11 golden dragons
  Nikola (Vaults:3)
  5 bone dragons
  A profane servitor (D:13)
  A mutant beast (WizLab)
  The ghost of Gynju the Spry, a veteran HaHu of Makhleb (Vaults:4)
  5 electric golems
  A Tzitzimitl (Depths:4)
  A Brimstone Fiend (D:9)
  2 Hell Sentinels
  29 Orb Guardians
  21 tentacled monstrosities
  Jorgrun (Swamp:3)
  An Ice Fiend (IceCv)
  11 liches
  A titan (Zot:2)
  2 deep elf blademasters
  7 quicksilver dragons
  26 acid blobs
  7 death cobs
  A deep elf master archer (Elf:3)
  2 Executioners
  5 tentacled starspawn
  An ancient champion (Vaults:3)
  Gastronok (Lair:2)
  A thorn hunter (Swamp:2)
  2 draconian monks
  7 shadow dragons
  5 sphinxes
  11 storm dragons
  10 azure jellies
  A revenant (Crypt:1)
  4 tengu reavers
  Kirke (Spider:2)
  8 ghost moths
  8 deep elf sorcerers
  13 fire giants
  3 orc warlords (Vaults:4)
  4 draconian knights
  13 vault wardens
  2 draconian shifters
  2 iron dragons (Vaults:5)
  3 emperor scorpions
  12 frost giants
  A ghost moth (shapeshifter) (Abyss:4)
  7 draconian scorchers
  Louise (Spider:2)
  A ghoul (Crypt:1)
  3 deep elf elementalists (Elf:3)
  Aizul (Depths:1)
  8 ironheart preservers
  A curse skull (Vaults:3)
  29 very ugly things
  5 draconian stormcallers
  21 stone giants
  6 entropy weavers
  8 vampire knights
  A war gargoyle (Vaults:5)
  A spriggan defender (Depths:5)
  7 draconian annihilators
  A lorocyproca (Zot:5)
  3 deep elf demonologists
  8 green draconians
  11 deep elf annihilators
  8 black draconians
  A minotaur (Gauntlet)
  6 yellow draconians
  A dire elephant (Lair:6)
  4 red draconians
  3 spark wasps
  13 purple draconians
  11 white draconians
  2 eidola (Crypt:1)
  4 deep elf death magi
  8 fire dragons
  Snorg (D:14)
  10 ettins
  A fire dragon (shapeshifter) (Abyss:4)
  A blizzard demon (Abyss:2)
  12 death oozes
  A green death (D:4)
  2 crystal guardians (Abyss:4)
  16 jiangshi
  10 yaktaur captains
  3 deep elf high priests
  11 great orbs of eyes
  The ghost of swagumen the Grappler, a journeyman DrTm of Ru (D:10)
  33 vault guards
  30 hydras
  2 hell beasts
  9 rakshasas
  A monstrous demonspawn (D:12)
  A caustic shrike simulacrum (Depths:2)
  13 ice dragons
  5 spriggan air magi
  A ghost crab (Swamp:3)
  8 centaur warriors
  A death knight (Crypt:1)
  15 ogre magi
  A two-headed ogre (shapeshifter) (WizLab)
  34 two-headed ogres
  4 catoblepae
  3 shambling mangroves
  18 alligators
  24 dancing weapons
  9 vampire magi
  3 deep troll shamans
  5 deep troll earth magi
  A queen ant (Gauntlet)
  5 orc high priests
  2 tengu warriors
  11 thrashing horrors
  4 spriggan berserkers
  18 deep elf knights
  A shock serpent (shapeshifter) (D:14)
  Sonja (Lair:1)
  A sun demon (Abyss:5)
  9 hell knights
  An iron golem (WizLab)
  2 soul eaters
  4 shadow wraiths
  A titan skeleton (Abyss:2)
  A salamander mystic (Depths:1)
  An iron troll (Depths:5)
  A deep troll (shapeshifter) (D:15)
  10 skeletal warriors
  11 wretched stars
  2 spriggan druids (Swamp:4)
  18 deep trolls
  9 swamp dragons
  A torturous demonspawn (Depths:3)
  3 shadow demons (Depths:4)
  A golden dragon zombie (Crypt:1)
  4 unseen horrors
  An anaconda zombie (Abyss:2)
  8 wizards
  17 ironbrand convokers
  17 starcursed masses (Abyss:5)
  12 deep elf archers
  A lindwurm (shapeshifter) (WizLab)
  10 glowing orange brains
  3 flayed ghosts
  55 deep elf magi
  3 lindwurms (Lair:6)
  3 harpies (Vaults:4)
  A harpy (shapeshifter) (WizLab)
  4 necromancers
  25 orc knights
  4 orc sorcerers
  12 orb spiders
  4 manticores
  8 phantasmal warriors
  9 shining eyes
  A shining eye (shapeshifter) (Vaults:4)
  11 cyclopes
  6 worldbinders
  81 ugly things
  A moth of wrath (shapeshifter) (WizLab)
  A manticore (shapeshifter) (Abyss:4)
  A frost giant zombie (Vaults:4)
  3 human zombies (Vaults:4)
  A faun (shapeshifter) (Elf:3)
  A sphinx skeleton (Vaults:4)
  30 moths of wrath
  A guardian serpent (shapeshifter) (WizLab)
  42 wolf spiders
  5 elephants (Lair:5)
  4 salamanders (Depths:1)
  17 vault sentinels
  3 black mambas
  An elephant (shapeshifter) (Depths:2)
  A molten gargoyle (Depths:1)
  A water nymph (Abyss:5)
  An apocalypse crab (Abyss:2)
  4 black mambas (shapeshifter)
  An eye of devastation (Gauntlet)
  7 torpor snails
  5 smoke demons
  3 gargoyles
  An eye of devastation (shapeshifter) (WizLab)
  An elephant slug zombie (Crypt:1)
  A spiny frog (shapeshifter) (Abyss:4)
  2 rust devils
  2 orange demons
  17 spiny frogs
  28 yaktaurs
  3 efreet (Depths:3)
  5 rime drakes
  A tormentor (Abyss:5)
  10 freezing wraiths
  2 kobold demonologists
  2 rime drakes (shapeshifter)
  3 yaktaurs (shapeshifter) (WizLab)
  2 elves (WizLab)
  11 komodo dragons
  A tengu conjurer (D:14)
  6 demonic crawlers
  4 anaconda simulacra (IceCv)
  6 ice devils
  A hellwing (Abyss:5)
  4 golden dragon simulacra
  8 trolls
  3 meliai (shapeshifter)
  A red devil (Depths:2)
  10 ancient zymes
  A harpy zombie (Crypt:1)
  2 wind drakes (shapeshifter) (WizLab)
  12 tyrant leeches
  A queen bee (D:11)
  2 queen bees (shapeshifter)
  23 jumping spiders
  30 hornets
  A polar bear (shapeshifter) (Vaults:2)
  12 bog bodies
  14 hippogriffs
  2 raiju (shapeshifter)
  A wolf spider simulacrum (IceCv)
  12 blink frogs
  2 hippogriffs (shapeshifter)
  136 slime creatures
  A slime creature (shapeshifter) (WizLab)
  A fire giant simulacrum (Vaults:3)
  A dream sheep (shapeshifter) (WizLab)
  19 raiju
  An ettin zombie (Vaults:3)
  A frost giant simulacrum (Vaults:2)
  3 flying skulls (Crypt:1)
  2 redbacks (shapeshifter)
  15 shadows
  71 redbacks
  4 ynoxinuls
  9 spriggans
  48 tarantellas
  4 air elementals
  9 wraiths
  A vampire (D:14)
  49 yaks
  7 fire bats
  6 water elementals
  2 dire elephant simulacra (IceCv)
  4 basilisks
  A fire bat (shapeshifter) (D:15)
  A hog (Spider:2)
  3 humans
  28 large abominations
  A yak (shapeshifter) (Vaults:4)
  3 wyverns
  A hog (shapeshifter) (WizLab)
  21 golden eyes
  5 fire elementals
  A human (shapeshifter) (WizLab)
  17 vampire mosquitoes
  A steam dragon (D:11)
  Grum (D:9)
  A death yak simulacrum (IceCv)
  2 hungry ghosts
  3 chaos spawn
  4 neqoxecs
  3 wargs
  2 harpy simulacra (IceCv)
  14 insubstantial wisps
  A soldier ant (shapeshifter) (Elf:1)
  A swamp worm (shapeshifter) (Depths:4)
  15 swamp worms
  3 iron troll simulacra (IceCv)
  2 wargs (shapeshifter) (WizLab)
  3 hydra simulacra (IceCv)
  A deep troll zombie (Vaults:3)
  3 acid dragons
  4 soldier ants
  A water moccasin (shapeshifter) (Vaults:5)
  Duvessa (D:7)
  5 floating eyes
  7 porcupines
  A hell hound (Gauntlet)
  4 ice beasts
  69 orc warriors
  17 water moccasins
  2 ice beasts (shapeshifter)
  15 swamp drakes
  3 phantoms
  A gelid demonspawn skeleton (Abyss:4)
  7 black bears
  Purgy (D:4)
  4 eyes of draining (shapeshifter)
  4 sky beasts
  A boggart (Depths:4)
  7 eyes of draining
  A tengu (shapeshifter) (WizLab)
  4 ettin simulacra
  3 necrophages
  6 wolves
  A wolf (shapeshifter) (D:15)
  A torpor snail zombie (Crypt:1)
  39 ogres
  16 centaurs
  14 crocodiles
  A big kobold (shapeshifter) (D:14)
  18 bullfrogs
  8 big kobolds
  4 gnoll sergeants (D:10)
  Dowan (D:7)
  5 scorpions
  24 small abominations
  A queen bee zombie (Crypt:1)
  40 killer bees
  23 wights
  2 electric eels
  A howler monkey (D:10)
  9 crimson imps
  3 centaur zombies
  A draconian simulacrum (IceCv)
  A human simulacrum (Vaults:2)
  3 quasits
  22 orc priests
  3 bullfrog zombies
  3 bullfrog skeletons
  4 gnoll shamans
  9 hounds
  5 jellies
  28 orc wizards
  6 centaur skeletons
  3 iron imps
  Jessica (D:2)
  4 iguanas
  12 worker ants
  A spriggan simulacrum (IceCv)
  A troll simulacrum (IceCv)
  A centaur simulacrum (IceCv)
  A demigod zombie (Crypt:1)
  An ogre skeleton (Crypt:1)
  A hound skeleton (D:8)
  Robin (D:4)
  2 worker ant zombies
  66 gnolls
  A howler monkey skeleton (D:10)
  A naga simulacrum (IceCv)
  10 adders
  2 ogre simulacra (IceCv)
  A shadow imp (D:8)
  8 white imps
  8 ufetubi (IceCv)
  2 oozes (Lair:5)
  2 adder zombies (D:9)
  2 worms
  A barachi zombie (Crypt:1)
  2 dart slugs (D:2)
  A dart slug (shapeshifter) (Vaults:1)
  A worm (shapeshifter) (Vaults:5)
  13 leopard geckos
  129 orcs
  10 giant cockroaches
  15 goblins
  20 hobgoblins
  32 jackals
  30 kobolds
  6 quokkas
  2 ball pythons
  5 bats
  5 frilled lizards
  A goblin skeleton (D:8)
  A goblin zombie (D:8)
  4 hobgoblin zombies (D:8)
  A kobold skeleton (D:8)
  A kobold zombie (D:8)
  A leopard gecko skeleton (D:5)
  A leopard gecko zombie (D:5)
  A quokka skeleton (D:6)
  A quokka zombie (D:5)
  11 rats
  4 crawling corpses (Elf:3)
  4 fungi
  2 lurking horrors
  3 plants
  A starspawn tentacle (Abyss:5)
2998 creatures vanquished.

Vanquished Creatures (collateral kills)
  An ancient lich (Zot:5)
  Mennas (Depths:4)
  Frederick (Depths:3)
  A tentacled monstrosity (Vaults:5)
  The ghost of motoroller71 the Severer, an adept HuGl of Makhleb (Spider:4)
  An acid blob (Slime:1)
  A storm dragon (Zot:5)
  A fire giant (Vaults:5)
  A frost giant (Depths:3)
  An orc warlord (Orc:1)
  An emperor scorpion (Spider:4)
  2 stone giants
  A very ugly thing (Depths:3)
  A death ooze (Slime:5)
  An ettin (Depths:3)
  A deep elf high priest (Vaults:5)
  6 dancing weapons (Elf:2)
  An alligator (Swamp:3)
  A tengu warrior (Depths:3)
  An orc high priest (Vaults:4)
  A deep elf knight (Elf:2)
  A wretched star (Abyss:2)
  A deep elf archer (Vaults:5)
  An orange crystal statue (Depths:1)
  A necromancer (Depths:3)
  An iron dragon zombie (Depths:3)
  2 orc knights (Vaults:4)
  An orb spider (Spider:2)
  4 oklob plants (Lair:4)
  A worldbinder (Abyss:5)
  A vault sentinel (Vaults:5)
  A moth of wrath (Spider:4)
  A torpor snail (Spider:4)
  An ice statue (IceCv)
  2 smoke demons (Abyss:2)
  Psyche (D:8)
  A yaktaur (Depths:3)
  3 freezing wraiths (IceCv)
  A demonic crawler (Spider:2)
  A jumping spider (Spider:2)
  A bog body (Swamp:3)
  A hornet (Swamp:3)
  A raiju (Abyss:5)
  2 blink frogs (Abyss:2)
  2 spriggans
  2 tarantellas (Spider:2)
  4 redbacks
  A water elemental (Depths:3)
  7 yaks (D:10)
  2 wraiths (D:10)
  An elf skeleton (Depths:3)
  3 swamp worms
  A water moccasin (Lair:4)
  3 soldier ants (Gauntlet)
  3 orc warriors
  A floating eye (Depths:3)
  A black bear (D:10)
  A centaur (D:8)
  A gnoll sergeant (D:10)
  A howler monkey (D:10)
  4 hounds (D:10)
  An orc priest (D:7)
  2 orc wizards
  A gnoll shaman (D:10)
  An adder (D:10)
  12 gnolls
  2 white imps (IceCv)
  An ufetubus (IceCv)
  An adder zombie (D:7)
  10 orcs
  A hobgoblin (Bailey)
128 creatures vanquished.

Vanquished Creatures (others)
  A deep elf master archer (Elf:3)
  A draconian knight (Zot:3)
  A spriggan defender (Depths:5)
  3 stone giants
  A deep elf annihilator (Elf:3)
  A deep elf death mage (Elf:3)
  A deep elf high priest (Elf:3)
  6 yaktaur captains
  A vault guard (Vaults:1)
  A hydra (Swamp:3)
  5 centaur warriors
  A hell hog (Gauntlet)
  2 deep elf magi
  2 deep elf archers (Vaults:2)
  2 wizards
  An orc knight (Orc:2)
  A cyclops (D:14)
  An orb spider (Spider:4)
  An apocalypse crab (Abyss:5)
  A demonic crawler (Spider:2)
  11 yaktaurs
  A tengu conjurer (D:13)
  A troll (D:10)
  A raiju (Abyss:2)
  A hornet (Swamp:1)
  A redback (Spider:2)
  A shadow (Abyss:4)
  A tarantella (Spider:2)
  4 humans
  2 yaks (D:10)
  A neqoxec (Abyss:5)
  A chaos spawn (Abyss:2)
  A swamp worm (Swamp:3)
  A floating eye (Depths:4)
  A swamp drake (Swamp:3)
  3 boggarts
  A centaur (D:13)
  2 small abominations
  2 orc wizards (D:10)
  2 orcs
  3 kobolds
  7 briar patches (Swamp:2)
  31 fungi
  3 lurking horrors
  22 plants
  13 starspawn tentacles
  25 withered plants (Crypt:1)
177 creatures vanquished.

Grand Total: 3303 creatures vanquished

Notes
Turn   | Place    | Note
-------+----------+-------------------------------------------
     0 | D:1      | hemabe the Human Artificer began the quest for the Orb.
     0 | D:1      | Reached XP level 1. HP: 15/15 MP: 3/3
   203 | D:1      | Reached XP level 2. HP: 15/21 MP: 4/4
   307 | D:1      | Found a snail-covered altar of Cheibriados.
   455 | D:1      | Reached XP level 3. HP: 14/26 MP: 5/5
  1410 | D:2      | Noticed Jessica
  1413 | D:2      | Killed Jessica
  1413 | D:2      | Reached skill level 2 in Stealth
  1413 | D:2      | Reached XP level 4. HP: 30/33 MP: 6/6
  1441 | D:2      | Reached skill level 2 in Short Blades
  1746 | D:2      | Reached skill level 2 in Fighting
  1813 | D:2      | Reached XP level 5. HP: 30/38 MP: 7/7
  2618 | D:3      | Noticed a centaur
  2628 | D:3      | HP: 8/38 [centaur (7)]
  2630 | D:3      | Killed a centaur
  2630 | D:3      | Reached skill level 1 in Throwing
  2630 | D:3      | Reached skill level 3 in Dodging
  2630 | D:3      | Reached XP level 6. HP: 9/45 MP: 8/8
  2634 | D:3      | HP: 8/46 [poisoned by an adder]
  2639 | D:3      | HP: 5/46 [quokka (3)]
  2641 | D:3      | HP: 1/46 [quokka (4)]
  2680 | D:3      | HP: 3/46 [gnoll/+0 spear (4)]
  2958 | D:3      | HP: 8/46 [gnoll/+0 halberd (8)]
  2973 | D:3      | HP: 2/46 [gnoll/+0 halberd (8)]
  3525 | D:3      | Reached skill level 4 in Evocations
  4299 | D:3      | Reached XP level 7. HP: 48/51 MP: 10/10
  4331 | D:3      | Reached skill level 3 in Stealth
  4409 | D:3      | Reached skill level 3 in Fighting
  4409 | D:3      | Reached skill level 3 in Short Blades
  4409 | D:3      | Reached skill level 2 in Throwing
  4465 | D:3      | HP: 9/52 [gnoll (5)]
  4472 | D:3      | HP: 7/52 [gnoll (2)]
  5132 | D:3      | Found a shattered altar of Ashenzari.
  5253 | D:3      | Found an iron altar of Okawaru.
  5435 | D:3      | HP: 11/52 [gnoll/+0 spear (5)]
  5441 | D:3      | HP: 9/52 [gnoll/+0 spear (3)]
  5842 | D:3      | Reached XP level 8. HP: 41/58 MP: 7/11
  6131 | D:3      | Reached skill level 1 in Maces & Flails
  6884 | D:4      | Noticed Robin
  6887 | D:4      | Reached skill level 4 in Dodging
  6902 | D:4      | Killed Robin
  7050 | D:4      | Reached skill level 3 in Throwing
  7332 | D:4      | Noticed Purgy
  7346 | D:4      | Killed Purgy
  7346 | D:4      | Reached skill level 4 in Stealth
  7346 | D:4      | Reached skill level 5 in Evocations
  8229 | D:4      | Reached skill level 2 in Maces & Flails
  8287 | D:4      | Reached skill level 4 in Fighting
  8511 | D:5      | Entered Level 5 of the Dungeon
  8618 | D:5      | HP: 14/60 [water moccasin (3)]
  8624 | D:5      | HP: 7/60 [poisoned by a water moccasin]
  8629 | D:5      | HP: 5/60 [poisoned by a water moccasin]
  8634 | D:5      | HP: 4/60 [poisoned by a water moccasin]
  8641 | D:5      | HP: 3/60 [poisoned by a water moccasin]
  8649 | D:5      | HP: 3/60 [poisoned by a water moccasin]
  8986 | D:5      | Found Woteu's Antique Weapon Shoppe.
  8999 | D:5      | Reached XP level 9. HP: 61/65 MP: 11/13
  9024 | D:5      | Bought a slimy hunting sling for 123 gold pieces
  9036 | D:5      | Got a brightly glowing rapier
  9044 | D:5      | Identified the cursed +2 rapier of Symmetry {protect, SInv}
                  | (You found it on level 5 of the Dungeon)
  9057 | D:5      | Identified the +3 hunting sling of Hepliaklqana {flame,
                  | rC+} (You bought it in a shop on level 5 of the Dungeon)
  9250 | D:5      | Reached skill level 3 in Maces & Flails
  9630 | D:5      | Reached skill level 4 in Throwing
  9668 | D:5      | Reached skill level 5 in Dodging
  9951 | D:6      | Found a staircase to the Ecumenical Temple.
  9955 | Temple   | Entered the Ecumenical Temple
  9960 | Temple   | Became a worshipper of Trog the Wrathful
 10040 | D:6      | Reached skill level 5 in Stealth
 11129 | D:6      | Reached skill level 5 in Fighting
 11168 | D:6      | Reached skill level 6 in Evocations
 11405 | D:6      | HP: 17/68 [orc priest/divine providence (9)]
 11421 | D:6      | HP: 12/68 [orc priest/divine providence (10)]
 11430 | D:6      | HP: 17/68 [poisoned by an orc priest]
 11435 | D:6      | HP: 12/68 [poisoned by an orc priest]
 11441 | D:6      | HP: 8/68 [poisoned by an orc priest]
 11446 | D:6      | HP: 6/68 [poisoned by an orc priest]
 11451 | D:6      | HP: 5/68 [poisoned by an orc priest]
 11458 | D:6      | HP: 5/68 [poisoned by an orc priest]
 11466 | D:6      | HP: 5/68 [poisoned by an orc priest]
 12067 | D:6      | Reached * piety under Trog
 12236 | D:5      | Bought a glowing quarterstaff for 133 gold pieces
 12289 | D:6      | Reached skill level 4 in Maces & Flails
 12295 | D:6      | Reached XP level 10. HP: 34/74 MP: 9/14
 13035 | D:7      | Reached skill level 5 in Throwing
 13057 | D:7      | Reached skill level 6 in Stealth
 13059 | D:7      | Found a stormy altar of Qazlal.
 13096 | D:7      | Reached skill level 6 in Dodging
 13114 | D:7      | Found Vaonus's Assorted Antiques.
 13152 | D:7      | Found a flagged portal.
 13232 | Bailey   | Entered a bailey
 13591 | Bailey   | Noticed an orc knight
 13607 | Bailey   | Killed an orc knight
 13611 | Bailey   | Found a bloodstained altar of Trog.
 13820 | D:7      | Reached skill level 6 in Fighting
 13984 | D:7      | Reached ** piety under Trog
 14324 | D:7      | Found Mackine's Gadget Emporium.
 14370 | D:7      | Noticed Duvessa
 14373 | D:7      | Noticed Dowan
 14388 | D:7      | Killed Duvessa
 14400 | D:7      | Killed Dowan
 14673 | D:7      | Found Nakk's Gadget Boutique.
 14864 | D:7      | Found Vughin's Gadget Shoppe.
 15134 | D:8      | Reached skill level 7 in Evocations
 15146 | D:8      | Reached skill level 5 in Maces & Flails
 15612 | D:8      | Found a glowing golden altar of the Shining One.
 15633 | D:8      | Reached *** piety under Trog
 16584 | D:8      | Reached skill level 6 in Throwing
 16584 | D:8      | Reached XP level 11. HP: 67/83 MP: 9/16
 16597 | D:8      | Received a gift from Trog
 16851 | D:8      | Found a hazy altar of Hepliaklqana.
 16984 | D:8      | Reached skill level 7 in Stealth
 16986 | D:8      | Found an ornate altar of the Wu Jian Council.
 16991 | D:8      | Noticed Psyche
 16994 | D:8      | Killed Psyche
 17296 | D:9      | Noticed Grum
 17323 | D:9      | HP: 20/83 [wolf[Grum] (3)]
 17324 | D:9      | Reached skill level 7 in Dodging
 17327 | D:9      | HP: 2/83 [Grum/-1 spear (9)]
 17328 | D:9      | Killed Grum
 17978 | D:9      | Reached skill level 7 in Fighting
 18363 | D:9      | Reached **** piety under Trog
 18363 | D:9      | Reached skill level 6 in Maces & Flails
 18635 | D:9      | Found a shimmering blue altar of Sif Muna.
 18697 | D:10     | Entered Level 10 of the Dungeon
 19944 | D:10     | Received a gift from Trog
 20176 | D:10     | Found a runed translucent gate.
 20176 | D:10     | Found a runed translucent gate.
 20176 | D:10     | Found a runed translucent gate.
 20176 | D:10     | Noticed swagumen's ghost (journeyman DrTm)
 20733 | D:10     | Identified a scroll of acquirement
 20761 | D:10     | Reached skill level 8 in Evocations
 20774 | D:10     | Got a pair of steaming gloves
 20818 | D:10     | Reached skill level 7 in Throwing
 20835 | D:10     | HP: 16/84 [orc warrior/+0 war axe (12)]
 20838 | D:10     | Reached skill level 8 in Stealth
 21152 | D:10     | Identified the +0 pair of gloves of the Learner {+Fly
                  | Dex+7} (You acquired it on level 10 of the Dungeon)
 21365 | D:10     | Reached XP level 12. HP: 58/91 MP: 8/18
 21491 | D:10     | Identified the +2 whip "Nasoudum" {drain, rN+ MR+ Int+4}
 21608 | D:10     | Received a gift from Trog
 21699 | D:10     | Reached skill level 8 in Dodging
 21720 | D:10     | Reached ***** piety under Trog
 21725 | D:10     | Received a gift from Trog
 21896 | D:10     | Found a staircase to the Lair.
 22825 | D:11     | Reached skill level 7 in Maces & Flails
 22845 | D:11     | HP: 23/92 [poisoned by a green ugly thing]
 22850 | D:11     | HP: 20/92 [poisoned by a green ugly thing]
 22857 | D:11     | HP: 20/92 [poisoned by a green ugly thing]
 22865 | D:11     | HP: 20/92 [poisoned by a green ugly thing]
 23385 | D:11     | Noticed a five-headed hydra
 23398 | D:11     | Killed a five-headed hydra
 23398 | D:11     | Reached skill level 8 in Fighting
 23579 | D:11     | Received a gift from Trog
 24666 | D:11     | HP: 22/93 [cyclops (6)]
 25095 | D:11     | Identified the +6 hand axe of Imminent Death {vamp, rC+}
 25315 | D:11     | Reached skill level 9 in Evocations
 25557 | D:11     | Reached skill level 9 in Stealth
 26553 | D:11     | HP: 23/94 [vampire mosquito (5)]
 26558 | D:11     | Reached XP level 13. HP: 21/99 MP: 4/19
 27457 | D:12     | Reached skill level 8 in Maces & Flails
 27457 | D:12     | Reached skill level 9 in Dodging
 27466 | D:11     | HP: 32/150 [vampire mosquito (7)]
 28475 | D:12     | Reached skill level 9 in Fighting
 28507 | D:12     | Received a gift from Trog
 29397 | D:12     | HP: 19/101 [something (25)]
 29858 | D:12     | Noticed a centaur warrior
 29874 | D:12     | HP: 23/101 [centaur warrior/cursed -2 shortbow (7)]
 29881 | D:12     | Killed a centaur warrior
 29881 | D:12     | Reached skill level 10 in Stealth
 30975 | D:12     | Found a staircase to the Orcish Mines.
 31249 | Lair:1   | Entered Level 1 of the Lair of Beasts
 31290 | Lair:1   | Noticed a seven-headed hydra
 31301 | Lair:1   | Killed a seven-headed hydra
 31372 | Lair:1   | Found a gate leading to a gauntlet.
 31380 | Lair:1   | Reached skill level 10 in Evocations
 31404 | Gauntlet | Entered a Gauntlet
 31404 | Gauntlet | Found a transporter.
 31404 | Gauntlet | Found a transporter.
 31412 | Gauntlet | Found a transporter.
 31416 | Gauntlet | Found a transporter.
 31428 | Gauntlet | Found a transporter.
 31431 | Gauntlet | Found a transporter.
 31438 | Gauntlet | Found a runed translucent gate.
 31438 | Gauntlet | Found a runed translucent gate.
 31442 | Gauntlet | Found a runed translucent gate.
 31442 | Gauntlet | Found a transporter.
 31458 | Gauntlet | Found a transporter.
 31472 | Gauntlet | Found a transporter.
 31476 | Gauntlet | Found a transporter.
 31488 | Gauntlet | Found a transporter.
 31488 | Gauntlet | Found a transporter.
 31668 | Gauntlet | Paralysed by a floating eye for 2 turns
 31723 | Gauntlet | Got a brightly glowing golden ring
 31731 | Gauntlet | Identified the ring "Ulys" {rC+ rN+ MR+ rCorr SInv} (You
                  | found it in a Gauntlet)
 32175 | Gauntlet | Reached skill level 9 in Maces & Flails
 32459 | Gauntlet | Noticed a minotaur
 32477 | Gauntlet | Killed a minotaur
 32881 | Gauntlet | Got a scorched ring mail
 32893 | Gauntlet | Identified the cursed +1 ring mail "Pufym" {MR+ Str+5} (You
                  | found it in a Gauntlet)
 32911 | Gauntlet | Got a brightly glowing cloak
 32917 | Gauntlet | Identified the +2 cloak "Neuroxau" {+Fly rElec rN++ Dex-4}
                  | (You found it in a Gauntlet)
 33125 | Lair:1   | Noticed a four-headed hydra
 33134 | Lair:1   | Killed a four-headed hydra
 33219 | Lair:1   | Noticed Sonja
 33237 | Lair:1   | Killed Sonja
 33237 | Lair:1   | Reached skill level 10 in Dodging
 33407 | Lair:1   | Reached skill level 10 in Fighting
 33689 | Lair:1   | Reached XP level 14. HP: 83/110 MP: 18/21
 34740 | Lair:2   | Noticed Gastronok
 34760 | Lair:2   | Killed Gastronok
 36025 | Lair:3   | Reached skill level 11 in Stealth
 36362 | Lair:3   | Found a staircase to the Swamp.
 36398 | Lair:3   | Reached skill level 11 in Fighting
 37471 | Lair:4   | Found a hole to the Spider Nest.
 37505 | Lair:4   | Reached skill level 10 in Maces & Flails
 37505 | Lair:4   | Reached skill level 11 in Evocations
 38107 | Lair:4   | Got a translucent great sword
 38113 | Lair:4   | Identified the cursed +3 great sword of Urgency {flame,
                  | Str-5 Int+6 SInv} (You found it on level 4 of the Lair of
                  | Beasts)
 38924 | Lair:5   | Found a staircase to the Slime Pits.
 40238 | Lair:6   | Entered Level 6 of the Lair of Beasts
 40241 | Lair:6   | Reached skill level 11 in Dodging
 40333 | Lair:6   | Received a gift from Trog
 40353 | Lair:6   | Reached XP level 15. HP: 118/120 MP: 23/23
 40842 | Lair:6   | Reached skill level 12 in Fighting
 43152 | Lair:6   | Reached skill level 12 in Stealth
 43891 | Lair:6   | Found an opulent altar of Gozag.
 44027 | Lair:6   | Found a runed translucent door.
 44994 | Lair:6   | Reached skill level 11 in Maces & Flails
 45032 | Lair:6   | Reached skill level 13 in Fighting
 45501 | Orc:1    | Entered Level 1 of the Orcish Mines
 45502 | Orc:1    | Found a roughly hewn altar of Beogh.
 45871 | Orc:1    | Received a gift from Trog
 46018 | Orc:1    | Reached skill level 12 in Evocations
 46600 | Orc:2    | Entered Level 2 of the Orcish Mines
 47439 | Orc:2    | Found Adebacuz's Antique Weapon Boutique.
 47752 | Orc:2    | Noticed an orc warlord
 47768 | Orc:1    | HP: 27/124 [orc warlord/+3 war axe of flaming (7)]
 47770 | Orc:1    | Killed an orc warlord
 48488 | Orc:2    | Reached XP level 16. HP: 131/131 MP: 25/25
 48909 | Orc:2    | Found a staircase to the Elven Halls.
 48934 | Orc:2    | Found a roughly hewn altar of Beogh.
 49110 | Orc:2    | Found Yhadum's Book Boutique.
 49142 | Orc:2    | Found a roughly hewn altar of Beogh.
 49161 | Orc:2    | Found Tafir's Antique Armour Emporium.
 49169 | Orc:2    | Bought a bloodstained shield for 313 gold pieces
 49182 | Orc:2    | Identified the +1 shield of Sazip {rF+ Regen+ Str-2 Int+3}
                  | (You bought it in a shop on level 2 of the Orcish Mines)
 49252 | Orc:2    | Found Noyl's General Store.
 50009 | D:7      | Bought a wand of digging (7) for 308 gold pieces
 50496 | D:13     | Reached skill level 12 in Dodging
 50818 | D:13     | Received a gift from Trog
 50964 | D:13     | Got a pair of heavily runed gloves
 50970 | D:13     | Identified the +0 pair of gloves of the Shining Light
                  | {+Blink Regen+} (You found it on level 13 of the Dungeon)
 51700 | D:14     | Reached skill level 14 in Fighting
 51767 | D:14     | Reached skill level 13 in Stealth
 52179 | D:14     | Received a gift from Trog
 52342 | D:14     | Reached skill level 12 in Maces & Flails
 53035 | D:14     | Found a gate to the Vaults.
 53047 | D:14     | Reached XP level 17. HP: 140/140 MP: 26/26
 53295 | D:14     | Noticed Snorg
 53308 | D:14     | Killed Snorg
 53308 | D:14     | Reached skill level 13 in Evocations
 53543 | D:15     | Entered Level 15 of the Dungeon
 53553 | D:15     | Found Lixzeigh's Jewellery Emporium.
 53697 | D:15     | Reached skill level 15 in Fighting
 54054 | D:15     | Found a staircase to the Depths.
 54222 | D:15     | Received a gift from Trog
 54290 | D:15     | Got a faintly glowing mace {god gift}
 54293 | D:15     | Identified the +4 mace of Ydwen {drain, rF+} (Trog gifted
                  | it to you on level 15 of the Dungeon)
 54411 | D:15     | Reached skill level 13 in Dodging
 55057 | Depths:1 | Entered Level 1 of the Depths
 55388 | Swamp:1  | Entered Level 1 of the Swamp
 56677 | Swamp:2  | Received a gift from Trog
 56691 | Swamp:2  | Reached skill level 14 in Stealth
 57765 | Swamp:2  | HP: 53/213 [shambling mangrove (19)]
 57771 | Swamp:2  | HP: 35/213 [shambling mangrove (12)]
 57977 | Swamp:2  | Noticed a thorn hunter
 58606 | Swamp:2  | Killed a thorn hunter
 58724 | Swamp:2  | HP: 35/142 [some deep water collision (11)]
 59638 | Swamp:3  | Reached skill level 13 in Maces & Flails
 59739 | Swamp:3  | Reached XP level 18. HP: 131/149 MP: 28/28
 59793 | Swamp:3  | HP: 36/149 [tyrant leech (18)]
 60192 | Swamp:3  | Noticed Jorgrun
 60222 | Swamp:3  | Reached ****** piety under Trog
 60238 | Swamp:3  | Killed Jorgrun
 61301 | Swamp:4  | Entered Level 4 of the Swamp
 61301 | Swamp:4  | Found a frozen archway.
 61354 | Swamp:4  | Received a gift from Trog
 61499 | Swamp:4  | HP: 30/151 [alligator[a spriggan druid] (26)]
 61504 | Swamp:4  | HP: 26/151 [eight-headed hydra[a spriggan druid] (9)]
 61850 | IceCv    | Entered an ice cave
 62262 | IceCv    | Received a gift from Trog
 62293 | IceCv    | Got a translucent mace {god gift}
 62294 | IceCv    | Identified the +10 mace of Massacring {flame, Dex+4} (Trog
                  | gifted it to you in an ice cave)
 62699 | IceCv    | Reached skill level 14 in Evocations
 62930 | IceCv    | Noticed an Ice Fiend
 62939 | IceCv    | Killed an Ice Fiend
 63193 | IceCv    | Found the +0 pair of fencer's gloves {Riposte Dex+3}
 63616 | Swamp:4  | Got a crude scale mail
 63622 | Swamp:4  | Identified the +1 scale mail "Adoog" {rElec SInv Stlth+}
                  | (You found it on level 4 of the Swamp)
 64378 | Swamp:4  | Reached skill level 14 in Dodging
 64570 | Swamp:4  | Reached skill level 16 in Fighting
 65080 | Swamp:4  | Received a gift from Trog
 65097 | Swamp:4  | Reached skill level 15 in Stealth
 65653 | Swamp:4  | Got a decaying rune of Zot
 65945 | Spider:1 | Entered Level 1 of the Spider Nest
 66110 | Spider:1 | Received a gift from Trog
 66295 | Spider:1 | Got a polished plate armour
 66307 | Spider:1 | Identified the +10 plate armour of Leaves {rElec} (You
                  | found it on level 1 of the Spider Nest)
 66330 | Spider:1 | Reached XP level 19. HP: 157/157 MP: 29/29
 66723 | Spider:1 | Received a gift from Trog
 66723 | Spider:1 | Reached skill level 1 in Armour
 66723 | Spider:1 | Reached skill level 1 in Shields
 68367 | Spider:2 | Reached skill level 2 in Shields
 68373 | Spider:2 | Reached skill level 2 in Armour
 68621 | Spider:2 | Noticed Kirke
 68633 | Spider:2 | Killed Kirke
 68633 | Spider:2 | Identified the cursed +0 large shield "Qiehadem" {Int+2
                  | Slay+4}
 68633 | Spider:2 | Noticed Louise
 68683 | Spider:2 | Killed Louise
 69064 | Spider:3 | Reached skill level 14 in Maces & Flails
 69441 | Spider:3 | Received a gift from Trog
 70211 | Spider:3 | Reached skill level 3 in Armour
 70211 | Spider:3 | Reached skill level 3 in Shields
 70543 | Spider:3 | Found a runed translucent door.
 70689 | Spider:3 | Received a gift from Trog
 71025 | Spider:4 | Entered Level 4 of the Spider Nest
 71506 | Spider:4 | Found a transporter.
 71530 | Spider:4 | Noticed motoroller71's ghost (adept HuGl)
 71550 | Spider:4 | Found a transporter.
 71666 | Spider:4 | Killed motoroller71's ghost
 71666 | Spider:4 | Reached skill level 4 in Armour
 71678 | Spider:4 | Reached skill level 4 in Shields
 71861 | Spider:4 | Got a crude amber ring
 71863 | Spider:4 | Identified the ring of Pataim {-Tele MR+ Str+5 Int+3} (You
                  | found it on level 4 of the Spider Nest)
 72042 | Spider:4 | Reached XP level 20. HP: 166/166 MP: 31/31
 72170 | Spider:4 | Received a gift from Trog
 72181 | Spider:4 | Reached skill level 15 in Evocations
 72910 | Spider:4 | Received a gift from Trog
 73060 | Spider:4 | Got a gossamer rune of Zot
 73375 | Vaults:1 | Entered Level 1 of the Vaults
 73836 | Vaults:1 | Reached skill level 5 in Shields
 73894 | Vaults:1 | Reached skill level 5 in Armour
 73898 | Vaults:1 | Reached skill level 15 in Dodging
 73959 | Vaults:1 | Received a gift from Trog
 73970 | Vaults:1 | Reached skill level 16 in Stealth
 74377 | Vaults:1 | Got a faintly glowing great sword
 74385 | Vaults:1 | Identified the cursed +1 great sword of Voclaniny {protect,
                  | Fragile rC++ Int+4 Stlth+} (You found it on level 1 of the
                  | Vaults)
 76075 | Vaults:1 | Found Wiyvaogi's Distillery.
 76078 | Vaults:1 | Gained mutation: Your flesh is heat resistant. (rF+)
                  | [potion of mutation]
 76078 | Vaults:1 | Gained mutation: You have very sharp teeth. [potion of
                  | mutation]
 76078 | Vaults:1 | Gained mutation: You are agile. (Dex +2) [potion of
                  | mutation]
 76078 | Vaults:1 | Gained mutation: You are resistant to hostile enchantments.
                  | (MR+) [potion of mutation]
 76898 | Vaults:2 | You fall into a shaft and drop 1 floor!
 77895 | Vaults:2 | Reached skill level 6 in Shields
 77970 | Vaults:2 | Reached XP level 21. HP: 146/173 MP: 32/32
 77971 | Vaults:2 | Reached skill level 17 in Fighting
 77973 | Vaults:2 | Reached skill level 6 in Armour
 78649 | Vaults:2 | Received a gift from Trog
 78775 | Vaults:2 | Found Wikhaer's Weapon Boutique.
 78860 | Vaults:2 | Identified the +9 mace "Neirarev" {drain, +Blink Int-3
                  | Dex+5 SInv}
 79574 | Vaults:3 | Reached skill level 15 in Maces & Flails
 80602 | Vaults:3 | Received a gift from Trog
 80891 | Vaults:3 | Found a staircase to the Crypt.
 81310 | Vaults:3 | Noticed Nikola
 81339 | Vaults:3 | Killed Nikola
 81339 | Vaults:3 | Reached skill level 7 in Shields
 81574 | Vaults:3 | Received a gift from Trog
 81574 | Vaults:3 | Reached skill level 7 in Armour
 81964 | Vaults:3 | Found Jiuc's Antique Weapon Emporium.
 82545 | Vaults:4 | Found a magical portal.
 82579 | Vaults:4 | Reached XP level 22. HP: 181/181 MP: 33/33
 82591 | WizLab   | Entered Cigotuvi's Fleshworks
 82976 | WizLab   | Received a gift from Trog
 83759 | WizLab   | Identified Cigotuvi's Almanac of Unholy Secrets
 83785 | WizLab   | Paralysed by a floating eye for 4 turns
 83793 | WizLab   | Paralysed by a floating eye for 3 turns
 83919 | WizLab   | Found the -2 hat of the Alchemist {rElec rPois rF+ rC+ rN+
                  | MR+ rMut rCorr}
 83958 | WizLab   | Paralysed by a floating eye for 3 turns
 84370 | WizLab   | Reached skill level 16 in Evocations
 84555 | WizLab   | HP: 59/271 [Cigotuvi's Monster (13)]
 85128 | WizLab   | Reached skill level 8 in Shields
 85209 | WizLab   | Received a gift from Trog
 85587 | WizLab   | Reached skill level 8 in Armour
 85788 | Vaults:4 | Reached skill level 17 in Stealth
 85797 | Vaults:4 | Reached skill level 16 in Dodging
 86695 | Vaults:4 | Found a runed translucent gate.
 86697 | Vaults:4 | Found a runed translucent gate.
 86697 | Vaults:4 | Found a runed translucent gate.
 86700 | Vaults:4 | Noticed Gynju's ghost (veteran HaHu)
 86702 | Vaults:4 | Found a roughly hewn altar of Beogh.
 86703 | Vaults:4 | Identified the cursed +0 shield of Discretion {*Contam
                  | rPois Slay+2}
 86703 | Vaults:4 | Identified the cursed +0 chain mail of the Sun {rElec
                  | Regen+ rCorr}
 86703 | Vaults:4 | Identified the +1 shield of Lifelessness {Regen+ Int+4
                  | Stlth-}
 86756 | Vaults:4 | Received a gift from Trog
 87556 | Vaults:4 | Killed Gynju's ghost
 87562 | Vaults:4 | HP: 44/182 [orc warrior/+0 halberd (16)]
 88557 | Vaults:4 | Got a fine cloak
 88576 | Vaults:4 | Identified the cursed -2 cloak "Elid" {Dex+3} (You found it
                  | on level 4 of the Vaults)
 89140 | Elf:1    | Entered Level 1 of the Elven Halls
 89164 | Elf:1    | Reached XP level 23. HP: 189/189 MP: 35/35
 89238 | Elf:1    | Reached skill level 9 in Shields
 89395 | Elf:1    | Identified Sif Muna's Compendium of Calling
 89995 | Elf:2    | Received a gift from Trog
 90020 | Elf:2    | Reached skill level 9 in Armour
 90682 | Elf:2    | Reached skill level 18 in Fighting
 90888 | Elf:2    | Reached skill level 16 in Maces & Flails
 91030 | Elf:2    | Found a runed translucent gate.
 91030 | Elf:2    | Found a runed translucent gate.
 91030 | Elf:2    | Found a runed translucent gate.
 91138 | Elf:2    | Found Dacax's Jewellery Shop.
 91151 | Elf:2    | Bought the ring "Kohij" {rElec MR- Str+3 Slay+3 Stlth+} for
                  | 613 gold pieces
 91317 | Elf:2    | Received a gift from Trog
 91393 | Elf:3    | Entered Level 3 of the Elven Halls
 91595 | Elf:3    | Received a gift from Trog
 91931 | Elf:3    | Received a gift from Trog
 92291 | Elf:3    | Received a gift from Trog
 93053 | Elf:3    | HP: 28/189 [large abomination[a deep elf high priest] (24)]
 93069 | Elf:3    | Reached skill level 10 in Shields
 93461 | Elf:3    | Identified the +1 robe "Momnogoa" {MR+}
 93567 | Elf:3    | Identified the ring of Dirpheav {+Fly rN+ EV+3 Stlth+}
 93617 | Elf:3    | Reached XP level 24. HP: 198/198 MP: 35/35
 93810 | Elf:3    | Identified the +4 chain mail "Dutos Qor" {Dex+7} (You found
                  | it on level 3 of the Elven Halls)
 93814 | Elf:3    | Identified the ring "Inietiops" {rElec Int+2 Dex-5 Slay+2
                  | Stlth+}
 93823 | Elf:3    | Received a gift from Trog
 94327 | Elf:3    | Upgraded the game from 0.24-a0-535-gbb0d440638 to
                  | 0.24-a0-536-gdd4cf15266
 95532 | Orc:2    | Bought a ration for 70 gold pieces
 95532 | Orc:2    | Bought a scroll of teleportation for 42 gold pieces
 95532 | Orc:2    | Bought a ration for 70 gold pieces
 95532 | Orc:2    | Bought a scroll of teleportation for 42 gold pieces
 95668 | D:10     | Killed swagumen's ghost
 96004 | Depths:1 | Reached skill level 10 in Armour
 96562 | Vaults:2 | Bought 3 boomerangs for 27 gold pieces
 97441 | Depths:1 | Noticed Aizul
 97453 | Depths:1 | Killed Aizul
 97565 | Depths:1 | Received a gift from Trog
 97692 | Depths:1 | Found a one-way gate to the infinite horrors of the Abyss.
 97781 | Depths:1 | Reached skill level 8 in Throwing
 98196 | Depths:1 | Found a gateway to Hell.
 98212 | Depths:1 | Received a gift from Trog
 98266 | Depths:1 | Reached skill level 18 in Stealth
 98383 | Depths:1 | Reached skill level 17 in Evocations
 99178 | Depths:2 | Reached skill level 17 in Dodging
100483 | Depths:3 | Received a gift from Trog
100616 | Depths:3 | Paralysed by a floating eye for 2 turns
100767 | Depths:3 | Reached XP level 25. HP: 175/206 MP: 35/35
100919 | Depths:3 | Reached skill level 9 in Throwing
101122 | Depths:3 | Noticed Frederick
101130 | Depths:3 | Killed Frederick
101138 | Depths:3 | Reached skill level 11 in Shields
101353 | Depths:3 | Found Emexkept's Jewellery Emporium.
101560 | Depths:3 | Found a gateway to a ziggurat.
102022 | Depths:3 | Found a one-way gate leading to the halls of Pandemonium.
102466 | Depths:4 | Received a gift from Trog
102486 | Depths:4 | Reached skill level 11 in Armour
103252 | Depths:4 | Noticed Mennas
103286 | Depths:4 | Received a gift from Trog
103329 | Depths:4 | Killed Mennas
103616 | Depths:4 | Received a gift from Trog
103616 | Depths:4 | Reached skill level 17 in Maces & Flails
104109 | Depths:4 | Found a shadowy altar of Dithmenos.
104110 | Depths:4 | Found the +2 cloak of the Thief {+Fog Slay-2 SInv Stlth+}
104333 | Depths:4 | Paralysed by a floating eye for 3 turns
104884 | Depths:5 | Entered Level 5 of the Depths
105240 | Depths:5 | Reached skill level 10 in Throwing
105249 | Depths:5 | Reached skill level 19 in Fighting
105287 | Depths:5 | Received a gift from Trog
105545 | Depths:5 | Reached XP level 26. HP: 215/215 MP: 35/35
105722 | Depths:5 | Found a gate to the Realm of Zot.
106721 | Depths:5 | Received a gift from Trog
108862 | Vaults:5 | Entered Level 5 of the Vaults
108869 | Vaults:5 | Reached skill level 12 in Shields
108891 | Vaults:5 | Reached skill level 19 in Stealth
108906 | Vaults:5 | Reached skill level 12 in Armour
109274 | Vaults:5 | Reached skill level 18 in Evocations
109498 | Vaults:5 | Noticed Margery
109506 | Vaults:5 | Killed Margery
109876 | Vaults:5 | Received a gift from Trog
109883 | Vaults:5 | HP: 48/215 [sphinx/divine providence (14)]
110241 | Vaults:5 | Reached skill level 18 in Dodging
110353 | Vaults:5 | Reached skill level 11 in Throwing
110651 | Vaults:5 | Reached XP level 27. HP: 215/222 MP: 36/36
110652 | Vaults:5 | Identified the ring "Igakk" {+Inv rF++ Dex-5 Stlth-}
110652 | Vaults:5 | Identified the ring "Wimieck" {Wiz -Tele rPois Str+5}
110670 | Vaults:5 | Received a gift from Trog
111244 | Vaults:5 | Got a transparent helmet
111255 | Vaults:5 | Identified the +0 helmet of Pessimism {rN+} (You found it
                  | on level 5 of the Vaults)
111296 | Vaults:5 | Got a silver rune of Zot
111382 | Vaults:5 | Received a gift from Trog
111489 | Vaults:5 | Identified the +2 pair of gloves of the Cast Vote {rC+ rN+}
                  | (You found it on level 5 of the Vaults)
111685 | Vaults:5 | Identified the cursed +0 morningstar of Dajownukh {protect,
                  | Str+3}
111945 | Vaults:5 | Identified the +5 short sword of the Skies Above {speed,
                  | *Noise MP+9 Int+6 Stlth+}
113659 | Slime:1  | Entered Level 1 of the Pits of Slime
113795 | Slime:2  | Gained mutation: You are dopey. (Int -2) [a shining eye]
113811 | Slime:1  | HP: 81/333 [acid (3)]
113820 | Slime:1  | HP: 41/222 [acid (2)]
115184 | Slime:1  | Received a gift from Trog
115549 | Slime:1  | Received a gift from Trog
115738 | Slime:2  | Reached skill level 13 in Shields
116001 | Slime:3  | Reached skill level 18 in Maces & Flails
116583 | Slime:3  | Received a gift from Trog
118002 | Slime:5  | Entered Level 5 of the Pits of Slime
119076 | Slime:5  | Reached skill level 13 in Armour
119474 | Slime:5  | Noticed the Royal Jelly
119560 | Slime:5  | Killed the Royal Jelly
119560 | Slime:5  | Reached skill level 12 in Throwing
120743 | Slime:5  | Identified Toiliuss's Incunabulum of Glacial Evil
120749 | Slime:5  | Got a slimy rune of Zot
120767 | Slime:5  | Identified the ring "Omno" {Ice Slay+2} (You found it on
                  | level 5 of the Pits of Slime)
120846 | Slime:5  | Identified the Catalogue of Flying Transformation
120861 | Slime:5  | Identified the +3 whip of Nialiud {slash, +Inv rN+ MR-}
                  | (You found it on level 5 of the Pits of Slime)
122059 | Zot:1    | Entered Level 1 of the Realm of Zot
123436 | Elf:2    | Bought an uncursed amulet of the gourmand for 450 gold
                  | pieces
123864 | Zot:1    | Noticed an orb of fire
123887 | Zot:1    | Killed an orb of fire
124421 | Zot:1    | Identified the cursed +0 chain mail of Objectivity {rF+}
                  | (You found it on level 1 of the Realm of Zot)
124449 | Zot:1    | HP: 84/336 [death cob (7)]
124455 | Zot:1    | HP: 46/224 [death cob (1)]
124460 | Zot:1    | HP: 50/224 [tentacled monstrosity (4)]
124468 | Zot:1    | HP: 43/224 [tentacled monstrosity (6)]
124471 | Zot:1    | HP: 20/224 [tentacled monstrosity (10)]
125075 | Zot:1    | Noticed an orb of fire
125106 | Zot:1    | Killed an orb of fire
125868 | Zot:2    | Reached skill level 20 in Fighting
125889 | Zot:2    | You fall into a shaft and drop 2 floors!
126043 | Zot:4    | Reached skill level 20 in Stealth
126662 | Zot:3    | Noticed a Killer Klown
126710 | Zot:3    | HP: 49/224 [Killer Klown/klown pie (22)]
126711 | Zot:3    | Killed a Killer Klown
126711 | Zot:3    | Reached skill level 19 in Evocations
127556 | Zot:2    | Received a gift from Trog
127569 | Zot:2    | Reached skill level 19 in Maces & Flails
127596 | Zot:2    | Reached skill level 14 in Shields
127619 | Zot:2    | Received a gift from Trog
127654 | Zot:2    | Reached skill level 19 in Dodging
127697 | Zot:2    | Identified the +4 flail "Haof" {flame, Int+4} (Trog gifted
                  | it to you on level 2 of the Realm of Zot)
128086 | Zot:2    | Reached skill level 13 in Throwing
128269 | Zot:2    | Reached skill level 14 in Armour
128837 | Zot:2    | Identified the Collected Works on the Entourage and Combat
                  | Magic
129427 | Zot:3    | Noticed a Killer Klown
129439 | Zot:3    | Killed a Killer Klown
131573 | Zot:4    | Noticed a Killer Klown
131597 | Zot:4    | Killed a Killer Klown
132245 | Zot:4    | Received a gift from Trog
133800 | Zot:5    | Entered Level 5 of the Realm of Zot
134187 | Zot:5    | Reached skill level 20 in Maces & Flails
134872 | Zot:5    | Noticed a Killer Klown
134923 | Zot:5    | Killed a Killer Klown
135379 | Zot:5    | Noticed an ancient lich
135404 | Zot:5    | Noticed a Killer Klown
135413 | Zot:5    | Noticed an orb of fire
135419 | Zot:5    | Noticed an ancient lich
135420 | Zot:5    | Noticed an orb of fire
135421 | Zot:5    | Noticed a Killer Klown
135422 | Zot:5    | Noticed an orb of fire
135423 | Zot:5    | Noticed an orb of fire
135423 | Zot:5    | Noticed a Killer Klown
135424 | Zot:5    | Noticed a Killer Klown
135425 | Zot:5    | HP: 51/226 [orb of fire/bolt of fire (13)]
135465 | Zot:5    | HP: 71/339 [orb of fire/fireball (7)]
135473 | Zot:5    | Killed an orb of fire
135476 | Zot:5    | Gained mutation: You are weak. (Str -2) [an orb of fire]
135481 | Zot:5    | Killed an orb of fire
135481 | Zot:5    | Reached skill level 14 in Throwing
135481 | Zot:5    | Reached skill level 15 in Shields
135947 | Zot:4    | Killed an ancient lich
136235 | Zot:5    | Killed an ancient lich
136235 | Zot:5    | Reached skill level 21 in Stealth
136241 | Zot:5    | Killed a Killer Klown
136241 | Zot:5    | Reached skill level 15 in Armour
136346 | Zot:5    | Noticed a Killer Klown
136347 | Zot:5    | Received a gift from Trog
136367 | Zot:5    | Killed a Killer Klown
136390 | Zot:5    | Noticed a Killer Klown
136391 | Zot:5    | Killed a Killer Klown
136642 | Zot:5    | Killed a Killer Klown
136708 | Zot:5    | Killed a Killer Klown
137324 | Zot:5    | Reached skill level 21 in Fighting
137593 | Zot:5    | Reached skill level 20 in Evocations
137610 | Zot:5    | Noticed a Killer Klown
137638 | Zot:5    | Killed a Killer Klown
137807 | Zot:5    | Killed an orb of fire
138026 | Zot:5    | Noticed an ancient lich
138029 | Zot:5    | Noticed a Killer Klown
138054 | Zot:5    | Reached skill level 20 in Dodging
138112 | Zot:5    | Killed an ancient lich
138333 | Zot:5    | Noticed a shard shrike
138333 | Zot:5    | a Killer Klown changed into a shard shrike
138341 | Zot:5    | Killed a shard shrike
138428 | Zot:5    | HP: 79/342 [Orb Guardian (22)]
138962 | Zot:5    | Killed an orb of fire
139460 | Zot:5    | Killed a Killer Klown
140364 | Depths:1 | Voluntarily entered the Abyss.
140506 | Abyss:1  | Received a gift from Trog
141008 | Abyss:2  | Reached skill level 15 in Throwing
141261 | Abyss:2  | Received a gift from Trog
141665 | Abyss:2  | HP: 55/228 [sun demon (10)]
141668 | Abyss:2  | Reached skill level 16 in Shields
141670 | Abyss:2  | HP: 48/228 [raiju/living lightning (6)]
142039 | Abyss:4  | Got a smelly chain mail
142040 | Abyss:4  | Identified the +7 chain mail of Least Resistance {rF-
                  | Regen+ Str+8 Dex-2} (You found it on level 4 of the Abyss)
142145 | Abyss:4  | HP: 51/228 [crystal guardian (13)]
142159 | Abyss:4  | HP: 55/228 [raiju/living lightning (6)]
142469 | Abyss:4  | Found an opulent altar of Gozag.
142516 | Abyss:5  | Entered Level 5 of the Abyss
142516 | Abyss:5  | Entered Level 5 of the Abyss
142734 | Abyss:5  | Reached skill level 16 in Armour
142799 | Abyss:5  | Received a gift from Trog
142872 | Abyss:5  | Paralysed by accursed screaming for 1 turns
142882 | Abyss:5  | HP: 55/229 [starcursed mass/accursed screaming (7)]
142890 | Abyss:5  | HP: 54/229 [starcursed mass/accursed screaming (8)]
142992 | Abyss:5  | Found a corrupted altar of Lugonu.
143058 | Abyss:5  | Found an ornate altar of the Wu Jian Council.
143198 | Abyss:5  | HP: 42/183 [thrashing horror (20)]
143598 | Abyss:5  | Found a corrupted altar of Lugonu.
143637 | Abyss:5  | Received a gift from Trog
143667 | Abyss:5  | Found a hazy altar of Hepliaklqana.
143772 | Abyss:5  | Identified the cursed -3 pair of gloves "Macraock" {Str-2
                  | Dex+3} (You found it on level 5 of the Abyss)
143875 | Depths:1 | Escaped the Abyss
144303 | Crypt:1  | Entered Level 1 of the Crypt
144307 | Crypt:1  | Received a gift from Trog
144735 | Crypt:1  | Received a gift from Trog
146423 | Zot:5    | Got the Orb of Zot
146660 | Depths:2 | HP: 52/229 [??? (25)]
146809 | D:14     | Noticed Hajiabb the pandemonium lord
146829 | D:14     | Killed Hajiabb the pandemonium lord
146829 | D:14     | Reached skill level 22 in Stealth
147018 | D:8      | Noticed Rastaits the pandemonium lord
147107 | D:4      | Noticed Lyuphem the pandemonium lord
147148 | D:$      | Escaped with the Orb!

Levels and vault maps discovered:
D:1:      dpeg_arrival_short_road, layout_rooms, cheibriados_altar_1
D:2:      layout_rooms, first_ration, kennysheep_generic_room_2, uniq_jessica
D:3:      lemuel_castle_with_subvaults [lemuel_castle_interior_carwin_1],
          layout_basic, okawaru_altar_gauntlet_db, lemuel_round_altar
D:4:      layout_layer_cave, serial_rivers, chequers_serial_rivers_small_b,
          chequers_serial_rivers_micro_b, chequers_serial_rivers_micro_e,
          chequers_serial_rivers_micro_c, uniq_purgy, uniq_robin
D:5:      layout_rooms, serial_shops, shop, item_on_display_a
D:6:      kennysheep_housing_project, layout_basic,
          minmay_temple_entry_glassed_door
D:7:      layout_layer_cave, lemuel_round_altar, enter_bailey_2, serial_shops,
          kennysheep_mini, shop, shop_statue, nicolae_shop_crystal,
          minmay_lizard_king, uniq_duvessa
D:8:      layout_cave_pools, nicolae_overflow_hidden_temple,
          lemuel_coloured_pillars_altar, nicolae_tso_besieged_by_evil,
          grunt_ogre_cave, uniq_psyche
D:9:      layout_roguey, led_sif_pool, uniq_grum
D:10:     layout_big_octagon, due_lair_maze_entry_diamond, serial_gnoll_camp,
          gnoll_camp_medium_01, gnoll_camp_medium_02, gnoll_camp_mini_loothouse,
          gnoll_camp_mini_basic, gnoll_camp_mini_house, gammafunk_ghost_spectres
D:11:     regret_index_combs_of_tragedy, layout_loops_corners,
          minmay_misc_feat_five
D:12:     layout_gridville, orc_0_dummy, minmay_joined_circles
D:13:     layout_rooms, special_room [special_room_orc], st_stairs_9
D:14:     minmay_the_grid_square_5x5_5x5
          [minmay_the_grid_square_5x5_three_walls,
          minmay_the_grid_square_5x5_two_small,
          minmay_the_grid_square_5x5_bracketed,
          minmay_the_grid_square_5x5_corner,
          minmay_the_grid_square_5x5_broken_cross,
          minmay_the_grid_square_5x5_mess,
          minmay_the_grid_square_5x5_prize_itemx,
          minmay_the_grid_square_5x5_shrine1,
          minmay_the_grid_square_5x5_prize_junk,
          minmay_the_grid_square_5x5_checkered,
          minmay_the_grid_square_5x5_six_small, minmay_the_grid_square_5x5_bite,
          minmay_the_grid_square_5x5_prize_snowflake,
          minmay_the_grid_square_5x5_tri_point,
          minmay_the_grid_square_5x5_minibox,
          minmay_the_grid_square_5x5_hollow_slash,
          minmay_the_grid_square_5x5_prize_waves,
          minmay_the_grid_square_5x5_seven,
          minmay_the_grid_square_5x5_prize_gold,
          minmay_the_grid_square_5x5_fancy_junction,
          minmay_the_grid_square_5x5_intrusive_squares,
          minmay_the_grid_square_5x5_slash,
          minmay_the_grid_square_5x5_two_walls_b,
          minmay_the_grid_square_5x5_one_wall, minmay_the_grid_square_5x5_plus],
          layout_irregular_city, grunt_vaults_entry_fortified, uniq_snorg
D:15:     gammafunk_enter_depths_forms, layout_basic,
          chequers_serial_rivers_small_b, serial_shops, shop
Temple:   minmay_freezing_vapour_temple
Lair:1:   layout_cave_pods, gauntlet_entry_generic, uniq_sonja
Lair:2:   layout_regular_city, uniq_gastronok
Lair:3:   layout_regular_city, skrybe_swamp_entry_bodies, serial_bayou_shore_b,
          lemuel_fruit_fields
Lair:4:   layout_misc_corridors, spider_nest_entry_rubble, grunt_megastairs_1,
          minmay_lair_oklob_chamber, infiniplex_staircase_pool
Lair:5:   layout_loops_ring, nicolae_slime_entry_slimehenge
Lair:6:   wormcave, layout_gridlike, hangedman_lair_in_review, basic_altar,
          grunt_megastairs_4
Swamp:1:  layout_falls_marsh, evilmike_swamp_ruin_house_1,
          statue_in_the_mist_lemuel, swamp_pool1
Swamp:2:  layout_basic_swamp, evilmike_swamp_ruin_rubble_2
Swamp:3:  layout_basic_swamp, serial_swamp_ruin, evilmike_swamp_ruin_house_3,
          hangedman_swamp_ruin_wall, swamp_pool1, uniq_jorgrun
Swamp:4:  swamp_basic_johnstein, layout_basic_swamp,
          portal_ice_cave_entry_pillars_2
Spider:1: layout_spider_delve
Spider:2: layout_spider_delve, uniq_kirke, uniq_louise
Spider:3: cheibrodos_spider_deadly_dance
Spider:4: spider_rune_water, gammafunk_ghost_berserking_beasts
Slime:1:  layout_caves
Slime:2:  layout_caves
Slime:3:  layout_caves
Slime:4:  layout_caves
Slime:5
Orc:1:    layout_caves, basic_altar
Orc:2:    grunt_orc_gardens, layout_caves, grunt_orc_garden, grunt_orc_garden,
          grunt_orc_garden, grunt_orc_garden, basic_altar, lemuel_statue_altar
Elf:1:    layout_loops_cross, minmay_elf_demonology
Elf:2:    layout_gridlike, serial_shops,
          nicolae_shop_temple_entry_statues_fountains
Elf:3:    minmay_elf_hall_dome, layout_loops_corners, grunt_megastairs_2
Vaults:1: nicolae_vaults_network_periphery, nicolae_vaults_alarming,
          hangedman_vaults_locks, hangedman_vaults_slice, grunt_vaults_bifocal,
          v_misc_24, vaults_room_semicircle, ontoclasm_vaults_gallery,
          v_alt_pattern_6, serial_ice_b, v_misc_17, vaults_dpeg_diagonal,
          hangedman_vaults_corner_blocks, layout_vaults_ring, serial_shops,
          nicolae_shop_competitors_out_of_business
Vaults:2: v_misc_2, vaults_room_boxed, hangedman_vaults_nodes,
          ontoclasm_vaults_chip, nicolae_vaults_asterisk,
          nicolae_vaults_little_squares_1, vaults_room_corners,
          layout_vaults_omnigrid, serial_shops, shop
Vaults:3: hangedman_vaults_stretched_pinwheel,
          hangedman_vaults_stretched_pinwheel, vaults_room_pool, v_misc_12,
          v_misc_15, v_misc_33, vaults_room_fours,
          nicolae_vaults_mini_display_case, hangedman_vaults_capsules,
          v_misc_27, st_cells, nicolae_vaults_little_ls, v_misc_14,
          vaults_dpeg_hooks, minmay_crypt_entry_simple_box,
          nicolae_vaults_little_squares_4, ontoclasm_vaults_ligature,
          grunt_vaults_hallway_short, v_misc_19, vaults_mumra_chevron,
          layout_vaults_maze, serial_shops, nicolae_shop_behind_doors,
          uniq_nikola
Vaults:4: biasface_vaults_ghost_orc_armoury, grunt_vaults_trifunnel, v_rooms_3,
          v_misc_15, nicolae_vaults_twisting_passages,
          nicolae_vaults_little_squares_5, v_pattern_5,
          nicolae_vaults_stairing_the_circle, v_misc_4, ontoclasm_vaults_pinch,
          layout_vaults_omnibox, serial_shops, bzr_entry_gold, mu_enter_wizlab_6
Vaults:5: serial_shops, uniq_margery
Crypt:1:  layout_catacombs, wad_floor_pattern_untrapped, minigarden_bobbens
Depths:1: layout_forbidden_donut, abyss_entry, hell_entry,
          eino_small_chamber_without_monster, minmay_misc_feat_more_columns,
          kennysheep_cross_room, dpeg_stationary_puzzle, grunt_megastairs_3,
          uniq_aizul
Depths:2: minmay_inside_and_out, layout_cave_shapes, grunt_mini_vestibule,
          serial_sigils_hangedman_clutch
Depths:3: hangedman_elemental_death_ray, layout_cave_pools, enter_ziggurat_b,
          hell_entry, serial_sigils_hangedman_carve, serial_shops, shop,
          rand_demon_pan_entry_4, uniq_frederick
Depths:4: regret_index_dithmenos_brocken_genspenst, layout_basic,
          serial_bayou_shore_a, hell_entry, hangedman_abyss_entry_splay,
          firewood_loft, uniq_mennas
Depths:5: evilmike_zot_entry_diamond, layout_twisted_cross,
          grunt_hell_entry_dis_grunt, chequers_decorated_corner
Zot:1:    layout_misc_corridors
Zot:2:    hangedman_zot_vaults_quadrants, layout_concentric_octagons
Zot:3:    layout_cathedral_of_symmetry, st_small_dragon_hoard_5
Zot:4:    layout_misc_corridors, st_small_dragon_hoard_2, grunt_ministairs_14
Zot:5:    layout_gridlike

Skill      XL: |  1  2  3  4  5  6  7  8  9 10 11 12 13 14 15 16 17 18 19 20 21 22 23 24 25 26 27 |
---------------+----------------------------------------------------------------------------------+-----
Stealth        | 2 3 4 5 6 8 9 10 11 12 13 14 15 16 17 18 19 22 | 22.1
Short Blades   | 2 3 |  3.1
Fighting       | 2 3 4 5 6 7 8 10 11 13 14 15 16 17 18 19 21 | 21.7
Throwing       | 1 2 3 4 6 7 8 10 11 15 | 15.8
Dodging        | 3 4 5 6 7 8 10 11 12 13 14 15 16 17 18 20 | 20.7
Evocations     | 4 5 6 7 8 9 10 11 12 13 14 15 16 17 18 20 | 20.8
Maces & Flails | 2 4 5 6 7 9 10 11 12 13 14 15 16 17 20 | 20.0
Armour         | 4 5 7 8 9 10 11 12 16 | 16.5
Shields        | 4 6 7 8 10 11 12 16 | 16.6

Action                   |  1- 3 |  4- 6 |  7- 9 | 10-12 | 13-15 | 16-18 | 19-21 | 22-24 | 25-27 || total
-------------------------+-------+-------+-------+-------+-------+-------+-------+-------+-------++-------
Melee: Short sword       |   116 |   254 |    58 |       |       |       |       |       |       ||   428
       Flail             |       |       |   375 |   648 |       |       |       |       |       ||  1023
       Whip              |       |       |       |   455 |  2325 |  2960 |   163 |       |       ||  5903
       Mace              |       |       |       |       |       |   499 |  1036 |       |       ||  1535
       Eveningstar       |       |       |       |       |       |       |   572 |  1433 |  3626 ||  5631
       Bite              |       |       |       |       |       |       |   124 |   258 |   777 ||  1159
       Unarmed           |       |       |       |       |       |       |       |       |    20 ||    20
Throw: Boomerang         |       |    76 |   156 |   188 |    94 |   189 |       |   129 |   784 ||  1616
       Javelin           |       |       |    61 |    74 |   354 |   219 |   128 |       |     9 ||   845
       Throwing net      |       |       |       |       |       |    20 |       |       |       ||    20
       Dart              |       |       |       |       |       |    14 |    99 |    15 |    12 ||   140
Invok: Berserk           |       |       |     1 |    19 |    25 |    24 |    22 |    17 |    38 ||   146
       Brothers in Arms  |       |       |       |       |     4 |     2 |     3 |    10 |    18 ||    37
       Trog's Hand       |       |       |       |       |       |       |       |       |    17 ||    17
 Abil: Evoke Fog         |       |       |       |       |       |       |       |       |     1 ||     1
Evoke: Wand              |     3 |    28 |    15 |    19 |    11 |     6 |     8 |    17 |    20 ||   127
       Box of beasts     |       |       |       |     5 |       |       |       |       |     1 ||     6
       Lamp of fire      |       |       |       |       |     2 |     5 |       |       |     2 ||     9
       Fan of gales      |       |       |       |       |     1 |       |       |       |       ||     1
       Sack of spiders   |       |       |       |       |       |     1 |       |       |       ||     1
       Phial of floods   |       |       |       |       |       |       |       |       |     1 ||     1
  Use: Potion            |       |     2 |     2 |     3 |     3 |     6 |     8 |     3 |    16 ||    43
       Scroll            |       |       |    10 |    11 |    15 |    13 |    28 |    12 |    58 ||   147
 Stab: Sleeping          |     2 |       |       |     4 |     1 |     2 |     9 |    21 |    26 ||    65
       Paralysed         |       |     1 |       |       |       |       |       |       |       ||     1
       Distracted        |       |       |     1 |       |     1 |     2 |     2 |     6 |    24 ||    36
       Betrayed ally     |       |       |       |     1 |       |       |       |       |       ||     1
       Petrified         |       |       |       |       |    12 |       |       |       |       ||    12
       Confused          |       |       |       |       |       |     6 |       |       |       ||     6
       Invisible         |       |       |       |       |       |       |     3 |       |     1 ||     4
       Held in net/web   |       |       |       |       |       |       |     1 |       |       ||     1
  Eat: Chunk             |     2 |     9 |    19 |    33 |    28 |    30 |    28 |    46 |    95 ||   290
       Ration            |       |       |     2 |    10 |    20 |    16 |    14 |    19 |    31 ||   112
Armor: Leather armour    |    30 |       |       |       |       |       |       |       |       ||    30
       Scale mail        |    30 |   109 |   201 |   325 |       |       |       |       |       ||   665
       Ring mail         |       |       |       |   142 |    71 |       |       |       |       ||   213
       Chain mail        |       |       |       |       |   422 |   706 |   523 |   239 |   194 ||  2084
       Plate armour      |       |       |       |       |       |     5 |   148 |       |   421 ||   574
       Shadow dragon sca |       |       |       |       |       |       |       |       |    21 ||    21
       Fire dragon scale |       |       |       |       |       |       |       |       |   248 ||   248
Dodge: Dodged            |    99 |   146 |   221 |   462 |  1103 |  1940 |  1093 |   529 |  1742 ||  7335
Block: Large shield      |       |       |   187 |   816 |  1768 |    79 |  1084 |  1326 |  3559 ||  8819
       Other             |       |       |       |       |    16 |       |    54 |       |     1 ||    71
       Reflection        |       |       |       |       |     9 |    65 |    73 |    85 |   120 ||   352
       Shield            |       |       |       |       |       |  2136 |   426 |       |       ||  2562
       Rpst.: Mace       |       |       |       |       |       |    36 |   133 |       |       ||   169
       Eveningstar       |       |       |       |       |       |       |    72 |   104 |   284 ||   460
       Whip              |       |       |       |       |       |       |    13 |       |       ||    13

Table legend:
 A = Non-vault XP
 B = Vault XP
 C = Vault XP percentage of total XP
 D = Non-vault monster count
 E = Vault monster count
 F = Vault count percentage of total count
                 A         B        C        D         E       F
            +---------+---------+-------+---------+---------+-------
      Total | 1051352 |  842557 |  44.5 |    1973 |    1155 |  36.9
            +---------+---------+-------+---------+---------+-------
        D:1 |      40 |       0 |   0.0 |      23 |       0 |   0.0
        D:2 |      72 |      41 |  36.3 |      19 |       3 |  13.6
        D:3 |     228 |     745 |  76.6 |      25 |      69 |  73.4
        D:4 |     435 |     145 |  25.0 |      17 |       4 |  19.0
        D:5 |     765 |       2 |   0.3 |      21 |       1 |   4.5
        D:6 |     748 |     955 |  56.1 |      20 |      28 |  58.3
        D:7 |    1359 |     378 |  21.8 |      28 |       7 |  20.0
        D:8 |    1713 |     350 |  17.0 |      34 |      11 |  24.4
        D:9 |    1381 |     959 |  41.0 |      23 |       9 |  28.1
       D:10 |    4542 |    2721 |  37.5 |      50 |      48 |  49.0
       D:11 |    4254 |    6511 |  60.5 |      26 |      49 |  65.3
       D:12 |    9134 |    1532 |  14.4 |      46 |       5 |   9.8
       D:13 |    5092 |    1725 |  25.3 |      33 |      28 |  45.9
       D:14 |   12449 |   26090 |  67.7 |      46 |      48 |  51.1
       D:15 |   14671 |    2751 |  15.8 |      39 |       7 |  15.2
     Lair:1 |    4412 |     814 |  15.6 |      13 |       1 |   7.1
     Lair:2 |    3971 |    2151 |  35.1 |      14 |       1 |   6.7
     Lair:3 |    7898 |     271 |   3.3 |      27 |       1 |   3.6
     Lair:4 |    3387 |    2696 |  44.3 |      12 |      11 |  47.8
     Lair:5 |    5423 |     143 |   2.6 |      17 |       5 |  22.7
     Lair:6 |    6581 |   16737 |  71.8 |      29 |      37 |  56.1
    Swamp:1 |    7453 |       0 |   0.0 |      28 |       0 |   0.0
    Swamp:2 |   23133 |       0 |   0.0 |      53 |       0 |   0.0
    Swamp:3 |   10511 |    2895 |  21.6 |      31 |       1 |   3.1
    Swamp:4 |   12047 |   20610 |  63.1 |      33 |      31 |  48.4
   Spider:1 |   15493 |       0 |   0.0 |      41 |       0 |   0.0
   Spider:2 |   10878 |    3682 |  25.3 |      42 |       3 |   6.7
   Spider:3 |   18713 |    9990 |  34.8 |      43 |      22 |  33.8
   Spider:4 |   10006 |   27136 |  73.1 |      32 |      52 |  61.9
    Slime:1 |   27403 |       0 |   0.0 |      43 |       0 |   0.0
    Slime:2 |   24040 |       0 |   0.0 |      37 |       0 |   0.0
    Slime:3 |   14237 |       0 |   0.0 |      28 |       0 |   0.0
    Slime:4 |   12376 |       0 |   0.0 |      29 |       0 |   0.0
    Slime:5 |    7699 |   28143 |  78.5 |      18 |      14 |  43.8
      Orc:1 |    2824 |    3867 |  57.8 |      33 |      11 |  25.0
      Orc:2 |    1641 |    4977 |  75.2 |      27 |      16 |  37.2
      Elf:1 |    8560 |    4129 |  32.5 |      14 |       5 |  26.3
      Elf:2 |   11302 |   21422 |  65.5 |      19 |      27 |  58.7
      Elf:3 |   26474 |   35773 |  57.5 |      40 |      28 |  41.2
   Vaults:1 |   24157 |   13826 |  36.4 |      63 |      21 |  25.0
   Vaults:2 |   30124 |    8236 |  21.5 |      52 |      21 |  28.8
   Vaults:3 |   13572 |   32858 |  70.8 |      32 |      38 |  54.3
   Vaults:4 |   38854 |   39323 |  50.3 |      55 |      62 |  53.0
   Vaults:5 |   12156 |  123125 |  91.0 |      17 |      94 |  84.7
    Crypt:1 |   26955 |    5267 |  16.3 |      46 |       5 |   9.8
   Depths:1 |   34495 |    9759 |  22.1 |      50 |       9 |  15.3
   Depths:2 |   32608 |    9010 |  21.6 |      39 |      10 |  20.4
   Depths:3 |   37679 |    9987 |  21.0 |      43 |      12 |  21.8
   Depths:4 |   43981 |   26433 |  37.5 |      42 |      25 |  37.3
   Depths:5 |   54803 |   12981 |  19.2 |      57 |      11 |  16.2
      Zot:1 |   53049 |       0 |   0.0 |      25 |       0 |   0.0
      Zot:2 |   25869 |   52859 |  67.1 |      19 |      29 |  60.4
      Zot:3 |   72388 |    8176 |  10.1 |      39 |       4 |   9.3
      Zot:4 |   48077 |   22418 |  31.8 |      26 |       6 |  18.8
      Zot:5 |   72371 |  173396 |  70.6 |      35 |      43 |  55.1
    Abyss:1 |    9349 |       0 |   0.0 |      15 |       0 |   0.0
    Abyss:2 |   31751 |       0 |   0.0 |      58 |       0 |   0.0
    Abyss:4 |   12523 |    5406 |  30.2 |      29 |       6 |  17.1
    Abyss:5 |   43246 |    6325 |  12.8 |      78 |       9 |  10.3
     Bailey |       0 |     556 | 100.0 |       0 |      16 | 100.0
      IceCv |       0 |   10912 | 100.0 |       0 |      58 | 100.0
     WizLab |       0 |   36696 | 100.0 |       0 |      79 | 100.0
   Gauntlet |       0 |    4667 | 100.0 |       0 |      14 | 100.0
            +---------+---------+-------+---------+---------+-------

Levels and vault maps discovered:
D:1:      dpeg_arrival_short_road, layout_rooms, cheibriados_altar_1
D:2:      layout_rooms, first_ration, kennysheep_generic_room_2, uniq_jessica
D:3:      lemuel_castle_with_subvaults [lemuel_castle_interior_carwin_1],
          layout_basic, okawaru_altar_gauntlet_db, lemuel_round_altar
D:4:      layout_layer_cave, serial_rivers, chequers_serial_rivers_small_b,
          chequers_serial_rivers_micro_b, chequers_serial_rivers_micro_e,
          chequers_serial_rivers_micro_c, uniq_purgy, uniq_robin
D:5:      layout_rooms, serial_shops, shop, item_on_display_a
D:6:      kennysheep_housing_project, layout_basic,
          minmay_temple_entry_glassed_door
D:7:      layout_layer_cave, lemuel_round_altar, enter_bailey_2, serial_shops,
          kennysheep_mini, shop, shop_statue, nicolae_shop_crystal,
          minmay_lizard_king, uniq_duvessa
D:8:      layout_cave_pools, nicolae_overflow_hidden_temple,
          lemuel_coloured_pillars_altar, nicolae_tso_besieged_by_evil,
          grunt_ogre_cave, uniq_psyche
D:9:      layout_roguey, led_sif_pool, uniq_grum
D:10:     layout_big_octagon, due_lair_maze_entry_diamond, serial_gnoll_camp,
          gnoll_camp_medium_01, gnoll_camp_medium_02, gnoll_camp_mini_loothouse,
          gnoll_camp_mini_basic, gnoll_camp_mini_house, gammafunk_ghost_spectres
D:11:     regret_index_combs_of_tragedy, layout_loops_corners,
          minmay_misc_feat_five
D:12:     layout_gridville, orc_0_dummy, minmay_joined_circles
D:13:     layout_rooms, special_room [special_room_orc], st_stairs_9
D:14:     minmay_the_grid_square_5x5_5x5
          [minmay_the_grid_square_5x5_three_walls,
          minmay_the_grid_square_5x5_two_small,
          minmay_the_grid_square_5x5_bracketed,
          minmay_the_grid_square_5x5_corner,
          minmay_the_grid_square_5x5_broken_cross,
          minmay_the_grid_square_5x5_mess,
          minmay_the_grid_square_5x5_prize_itemx,
          minmay_the_grid_square_5x5_shrine1,
          minmay_the_grid_square_5x5_prize_junk,
          minmay_the_grid_square_5x5_checkered,
          minmay_the_grid_square_5x5_six_small, minmay_the_grid_square_5x5_bite,
          minmay_the_grid_square_5x5_prize_snowflake,
          minmay_the_grid_square_5x5_tri_point,
          minmay_the_grid_square_5x5_minibox,
          minmay_the_grid_square_5x5_hollow_slash,
          minmay_the_grid_square_5x5_prize_waves,
          minmay_the_grid_square_5x5_seven,
          minmay_the_grid_square_5x5_prize_gold,
          minmay_the_grid_square_5x5_fancy_junction,
          minmay_the_grid_square_5x5_intrusive_squares,
          minmay_the_grid_square_5x5_slash,
          minmay_the_grid_square_5x5_two_walls_b,
          minmay_the_grid_square_5x5_one_wall, minmay_the_grid_square_5x5_plus],
          layout_irregular_city, grunt_vaults_entry_fortified, uniq_snorg
D:15:     gammafunk_enter_depths_forms, layout_basic,
          chequers_serial_rivers_small_b, serial_shops, shop
Temple:   minmay_freezing_vapour_temple
Lair:1:   layout_cave_pods, gauntlet_entry_generic, uniq_sonja
Lair:2:   layout_regular_city, uniq_gastronok
Lair:3:   layout_regular_city, skrybe_swamp_entry_bodies, serial_bayou_shore_b,
          lemuel_fruit_fields
Lair:4:   layout_misc_corridors, spider_nest_entry_rubble, grunt_megastairs_1,
          minmay_lair_oklob_chamber, infiniplex_staircase_pool
Lair:5:   layout_loops_ring, nicolae_slime_entry_slimehenge
Lair:6:   wormcave, layout_gridlike, hangedman_lair_in_review, basic_altar,
          grunt_megastairs_4
Swamp:1:  layout_falls_marsh, evilmike_swamp_ruin_house_1,
          statue_in_the_mist_lemuel, swamp_pool1
Swamp:2:  layout_basic_swamp, evilmike_swamp_ruin_rubble_2
Swamp:3:  layout_basic_swamp, serial_swamp_ruin, evilmike_swamp_ruin_house_3,
          hangedman_swamp_ruin_wall, swamp_pool1, uniq_jorgrun
Swamp:4:  swamp_basic_johnstein, layout_basic_swamp,
          portal_ice_cave_entry_pillars_2
Spider:1: layout_spider_delve
Spider:2: layout_spider_delve, uniq_kirke, uniq_louise
Spider:3: cheibrodos_spider_deadly_dance
Spider:4: spider_rune_water, gammafunk_ghost_berserking_beasts
Slime:1:  layout_caves
Slime:2:  layout_caves
Slime:3:  layout_caves
Slime:4:  layout_caves
Slime:5
Orc:1:    layout_caves, basic_altar
Orc:2:    grunt_orc_gardens, layout_caves, grunt_orc_garden, grunt_orc_garden,
          grunt_orc_garden, grunt_orc_garden, basic_altar, lemuel_statue_altar
Elf:1:    layout_loops_cross, minmay_elf_demonology
Elf:2:    layout_gridlike, serial_shops,
          nicolae_shop_temple_entry_statues_fountains
Elf:3:    minmay_elf_hall_dome, layout_loops_corners, grunt_megastairs_2
Vaults:1: nicolae_vaults_network_periphery, nicolae_vaults_alarming,
          hangedman_vaults_locks, hangedman_vaults_slice, grunt_vaults_bifocal,
          v_misc_24, vaults_room_semicircle, ontoclasm_vaults_gallery,
          v_alt_pattern_6, serial_ice_b, v_misc_17, vaults_dpeg_diagonal,
          hangedman_vaults_corner_blocks, layout_vaults_ring, serial_shops,
          nicolae_shop_competitors_out_of_business
Vaults:2: v_misc_2, vaults_room_boxed, hangedman_vaults_nodes,
          ontoclasm_vaults_chip, nicolae_vaults_asterisk,
          nicolae_vaults_little_squares_1, vaults_room_corners,
          layout_vaults_omnigrid, serial_shops, shop
Vaults:3: hangedman_vaults_stretched_pinwheel,
          hangedman_vaults_stretched_pinwheel, vaults_room_pool, v_misc_12,
          v_misc_15, v_misc_33, vaults_room_fours,
          nicolae_vaults_mini_display_case, hangedman_vaults_capsules,
          v_misc_27, st_cells, nicolae_vaults_little_ls, v_misc_14,
          vaults_dpeg_hooks, minmay_crypt_entry_simple_box,
          nicolae_vaults_little_squares_4, ontoclasm_vaults_ligature,
          grunt_vaults_hallway_short, v_misc_19, vaults_mumra_chevron,
          layout_vaults_maze, serial_shops, nicolae_shop_behind_doors,
          uniq_nikola
Vaults:4: biasface_vaults_ghost_orc_armoury, grunt_vaults_trifunnel, v_rooms_3,
          v_misc_15, nicolae_vaults_twisting_passages,
          nicolae_vaults_little_squares_5, v_pattern_5,
          nicolae_vaults_stairing_the_circle, v_misc_4, ontoclasm_vaults_pinch,
          layout_vaults_omnibox, serial_shops, bzr_entry_gold, mu_enter_wizlab_6
Vaults:5: serial_shops, uniq_margery
Crypt:1:  layout_catacombs, wad_floor_pattern_untrapped, minigarden_bobbens
Depths:1: layout_forbidden_donut, abyss_entry, hell_entry,
          eino_small_chamber_without_monster, minmay_misc_feat_more_columns,
          kennysheep_cross_room, dpeg_stationary_puzzle, grunt_megastairs_3,
          uniq_aizul
Depths:2: minmay_inside_and_out, layout_cave_shapes, grunt_mini_vestibule,
          serial_sigils_hangedman_clutch
Depths:3: hangedman_elemental_death_ray, layout_cave_pools, enter_ziggurat_b,
          hell_entry, serial_sigils_hangedman_carve, serial_shops, shop,
          rand_demon_pan_entry_4, uniq_frederick
Depths:4: regret_index_dithmenos_brocken_genspenst, layout_basic,
          serial_bayou_shore_a, hell_entry, hangedman_abyss_entry_splay,
          firewood_loft, uniq_mennas
Depths:5: evilmike_zot_entry_diamond, layout_twisted_cross,
          grunt_hell_entry_dis_grunt, chequers_decorated_corner
Zot:1:    layout_misc_corridors
Zot:2:    hangedman_zot_vaults_quadrants, layout_concentric_octagons
Zot:3:    layout_cathedral_of_symmetry, st_small_dragon_hoard_5
Zot:4:    layout_misc_corridors, st_small_dragon_hoard_2, grunt_ministairs_14
Zot:5:    layout_gridlike

Table legend:
 A = Turns spent in this place as a percentage of turns spent in the entire game.
 B = Non-inter-level travel turns spent in this place as a percentage of non-inter-level travel turns spent in the entire game.
 C = Inter-level travel turns spent in this place as a percentage of turns spent in this place.
 D = Turns resting spent in this place as a percentage of non-inter-level travel turns spent in this place.
 E = Turns spent auto-exploring this place as a percentage of non-inter-level travel turns spent in this place.
 F = Non-inter-level travel turns spent in this place divided by the number of levels of this place that you've seen.
                   A       B       C       D       E      F
               +-------+-------+-------+-------+-------+----------------------
         Total | 100.0 | 100.0 |   7.9 |  48.5 |  20.6 | 2085.5
       Dungeon |  27.1 |  26.3 |  10.6 |  51.3 |  23.3 | 2374.6
        Temple |   0.0 |   0.0 |  36.4 |   0.0 |   0.0 |   7.0
          Lair |   9.2 |   9.1 |   8.1 |  41.6 |  33.5 | 2063.3
         Swamp |   6.2 |   6.6 |   2.1 |  45.7 |  20.8 | 2225.5
   Spider Nest |   5.1 |   5.3 |   4.2 |  34.2 |  21.8 | 1808.0
    Slime Pits |   5.2 |   5.4 |   4.1 |  58.0 |  18.2 | 1468.2
  Orcish Mines |   3.4 |   3.0 |  16.5 |  50.7 |  20.6 | 2063.5
   Elven Halls |   4.4 |   4.0 |  15.3 |  35.8 |  27.1 | 1815.0
        Vaults |  12.2 |  12.0 |   9.2 |  48.9 |  21.3 | 3259.2
         Crypt |   1.1 |   1.2 |   4.8 |  32.2 |  25.9 | 1574.0
        Depths |   8.6 |   8.2 |  12.4 |  49.2 |  19.1 | 2223.8
           Zot |  10.8 |  11.4 |   2.4 |  58.3 |  11.0 | 3094.2
         Abyss |   2.4 |   2.6 |   0.0 |  25.0 |   8.7 | 702.2
        Bailey |   0.4 |   0.4 |   0.0 |  67.2 |   2.8 | 545.0
      Ice Cave |   1.0 |   1.0 |   0.0 |  45.9 |  13.7 | 1409.0
        Wizlab |   2.1 |   2.2 |   0.0 |  57.8 |   3.0 | 3039.0
      Gauntlet |   1.0 |   1.1 |   0.0 |  55.2 |   8.3 | 1540.0
               +-------+-------+-------+-------+-------+----------------------

Table legend:
 A = Kills in this place as a percentage of kills in entire the game.
 B = Kills by you in this place as a percentage of kills by you in the entire game.
 C = Kills by friends in this place as a percentage of kills by friends in the entire game.
 D = Other kills in this place as a percentage of other kills in the entire game.
 E = Experience gained in this place as a percentage of experience gained in the entire game.
 F = Experience gained in this place divided by the number of levels of this place that you have seen.
                   A       B       C       D       E      F
               +-------+-------+-------+-------+-------+----------------------
         Total | 100.0 | 100.0 | 100.0 | 100.0 | 100.0 | 29848.7
       Dungeon |  24.8 |  24.5 |  34.6 |  17.6 |   7.3 | 9400.7
          Lair |   5.3 |   5.5 |   3.9 |   0.0 |   2.8 | 9080.7
         Swamp |   5.6 |   5.6 |   6.3 |   5.9 |   4.0 | 19162.2
   Spider Nest |   7.5 |   7.4 |  10.2 |   3.9 |   4.9 | 23974.5
    Slime Pits |   5.4 |   5.7 |   0.8 |   0.0 |   5.9 | 22779.6
  Orcish Mines |   2.8 |   2.8 |   1.6 |   2.0 |   0.7 | 6654.5
   Elven Halls |   4.2 |   4.1 |   5.5 |   9.8 |   5.5 | 35886.7
        Vaults |  14.5 |  14.4 |   7.9 |  35.3 |  17.3 | 67246.2
         Crypt |   1.6 |   1.7 |   0.0 |   0.0 |   1.7 | 32222.0
        Depths |   9.5 |   9.3 |  11.0 |  17.6 |  14.2 | 54934.0
           Zot |   7.3 |   7.6 |   1.6 |   2.0 |  27.5 | 106540.6
         Abyss |   6.2 |   6.3 |   5.5 |   3.9 |   5.6 | 21720.0
        Bailey |   0.5 |   0.4 |   3.1 |   0.0 |   0.0 | 556.0
      Ice Cave |   1.8 |   1.7 |   5.5 |   0.0 |   0.6 | 10912.0
        Wizlab |   2.5 |   2.7 |   0.0 |   0.0 |   1.9 | 36696.0
      Gauntlet |   0.4 |   0.3 |   2.4 |   2.0 |   0.2 | 4667.0
               +-------+-------+-------+-------+-------+----------------------
